Workbook
Name Auxiliar: #REF!
Name CUSTO_VALE_TRANSPORTE: #REF!
Name ecwece4c: #REF!
Name MOMB4: '[1]SERVENTE MANUTENCAO'!$I$144
Name MONA1: #REF!
Name MONA2: #REF!
Name MONA3: [2]HIDRAULICO!$I$138
Name MONA4: '[2]SERVENTE (AUX PRODUCAO)'!$I$138
Name MONA5: #REF!
Name MONA6: #REF!
Name MONA7: #REF!
Name MONA8: [2]MECANICO_REFRIGERACAO!$I$138
Name MONB1: #REF!
Name MONB2: #REF!
Name MONB3: [2]HIDRAULICO!$I$144
Name MONB4: '[2]SERVENTE (AUX PRODUCAO)'!$I$144
Name MONB5: #REF!
Name MONB6: #REF!
Name MONB7: #REF!
Name MONB8: [2]MECANICO_REFRIGERACAO!$I$144
Name MONC1: #REF!
Name MONC2: #REF!
Name MONC3: [2]HIDRAULICO!$I$148
Name MONC4: '[2]SERVENTE (AUX PRODUCAO)'!$I$148
Name MONC5: #REF!
Name MONC6: #REF!
Name MONC7: #REF!
Name MONC8: [2]MECANICO_REFRIGERACAO!$I$148
Name mont: #REF!
Name MONTANTEA: #REF!
Name MONTANTEA1: #REF!
Name MONTANTEA2: #REF!
Name MONTANTEB: #REF!
Name MONTANTEB1: #REF!
Name MONTANTEB2: #REF!
Name MONTANTEC: #REF!
Name MONTANTEC1: #REF!
Name MONTANTEC2: #REF!
Name ok: #REF!
Name REMUNERACAO1: #REF!
Name REMUNERACAO2: #REF!
Name REMUNERACAO3: [2]HIDRAULICO!$I$30
Name REMUNERACAO4: '[2]SERVENTE (AUX PRODUCAO)'!$I$30
Name REMUNERACAO5: #REF!
Name REMUNERACAO6: #REF!
Name REMUNERACAO7: #REF!
Name REMUNERACAO8: [2]MECANICO_REFRIGERACAO!$I$30
Name TOTAL_MONT_A: #REF!
Name TOTAL1: #REF!
Name TOTAL2: #REF!
Name VALE_TRANSPORTE: #REF!

Sheet Supervisor - 40h POA
A1: PLANILHA DE CUSTOS E FORMAÇÃO DE PREÇOS DE SERVIÇOS CONTINUADOS COM DEDICAÇÃO EXCLUSIVA DE MÃO DE OBRA (ANEXO III - DECRETO 52.768 de 15.12.2015)
A2: PROCESSO: | C2: 23/2000-0038457-5 | E2: REGIME DE TRIBUTAÇÃO: LUCRO REAL
A3: LICITAÇÃO/EDITAL | E3: ABERTURA:
A5: Cargo/Função: | D5: Supervisor Oficial | G5: =IF(D6="12x36","Regime de trabalho:","Quantidade de HORAS/MÊS") -> Quantidade de HORAS/MÊS | I5: =IF(D6="12x36",D6,5*D6) -> 200
A6: =IF(D6="12x36","Regime de trabalho:","Regime de trabalho (horas semanais):") -> Regime de trabalho (horas semanais): | D6: 40
A7: Convenção Coletiva de Trabalho: | D7: RS003085/2023 | G7: INSALUBRIDADE (10%, 20%, 40%) | I7: 0.4
A8: Origem do salário: | D8: CCT
A9: Cidade: | D9: Porto Alegre | G9: PERICULOSIDADE (30%) | I9: Não aplicável
A10: Salário Normativo | G10: Vlr. do salário e nº de horas correspondentes | H10: 220 | I10: 2140.6
A11: ISS | G11: =D9 -> Porto Alegre | H11: Alíquota | I11: 0.05
A12: Tarifa Transporte | G12: CCT | H12: Vr. Unitário | I12: 4.8
H13: Dias | I13: 22
H14: Desconto | I14: 0.03
A15: Auxílio Alimentação | G15: CCT | H15: Vr. Unitário | I15: 329
H16: Mês | I16: 1
H17: Desconto | I17: 0.2
A18: Auxílio Lanche | G18: CCT | H18: Vr. Unitário | I18: 0
H19: Dias | I19: 0
H20: Desconto | I20: 0
A21: Outros benefícios que refletem na planilha de custos, caso constem na CCT. | G21: CCT | H21: Valor mensal | I21: 0
A22: Adicional de Supervisor | H22: Porcentagem | I22: 0.37
A23: Base de cálculo da insalubridade: Art. 1º, II, da Lei Estadual 16.040/2023. | H23: Valor | I23: 1610.13
A24: Quantitativo de horas trabalhadas em feriados no mês (estimado) - Não aplicável para postos 12x36 | H24: Horas por mês | I24: Não aplicável
H25: Acréscimo da hora extra | I25: Não aplicável
A26: Hora Intervalar (somente para postos 12x36, quando for o caso) | H26: Horas por mês | I26: Não aplicável
A27: Sem fornecimento de materiais ou apenas fornecimento de EPIs ou uniformes, utilizar 10%. Com fornecimento de materiais ou equipamentos, utilizar 20%. (Decreto 52.768/2015, alterado pelo Decreto 53.424/2017) | H27: Porcentagem | I27: 0.2
A29: MONTANTE A
A30: I | B30: Remuneração - Grupo I | H30: % | I30: Valor Mensal/unidade de serviço (R$)
A31: 1 | B31: Salário | H31: =I31/$I$40 -> 0.58790262 | I31: =IF(D6="12x36",I10,I10/H10*I5) -> 1946
A32: =A31+1 -> 2 | B32: Adicional Periculosidade 30% (Ver súmulas 364, 132 e 191 do TST) | H32: =I32/$I$40 -> 0 | I32: =IF(I9=30%,I31*I9,0) -> 0
A33: =A32+1 -> 3 | B33: Adicional Insalubridade 10% (Ver súmula 228 e 139 TST) | H33: =I33/$I$40 -> 0 | I33: =IF(I7=10%,I23*I7,0) -> 0
A34: =A33+1 -> 4 | B34: Adicional Insalubridade 20% (Ver súmula 228 e 139 TST) | H34: =I34/$I$40 -> 0 | I34: =IF(I7=20%,I23*I7,0) -> 0
A35: =A34+1 -> 5 | B35: Adicional Insalubridade 40% (Ver súmula 228 e 139 TST) | H35: =I35/$I$40 -> 0.19457341 | I35: =IF(I7=40%,I23*I7,0) -> 644.052
A36: =A35+1 -> 6 | B36: Outros - Adicional de Supervisor | H36: =I36/$I$40 -> 0.21752397 | I36: =IF(I22="Não aplicável",0,I31*I22) -> 720.02
A37: =A36+1 -> 7 | B37: Feriados | H37: =I37/$I$40 -> 0 | I37: =IF(I24="Não aplicável",0,(I31+I32+I33+I34+I35+I36+I39)/I5*I24*(1+I25)) -> 0
A38: =A37+1 -> 8 | B38: DSR = número total das horas extras do mês / número de dias úteis X domingos e feriados do mês X valor da hora extra com acréscimo | H38: =I38/$I$40 -> 0 | I38: =IF(I24="Não aplicável",0,I24/I13*5*(I10/H10*(1+I25))) -> 0
A39: =A38+1 -> 9 | B39: =IF(D6="12x36","Para postos 12x36 os feriados são considerados compensados, conforme parágrafo único, Art. 59-A da CLT","Outros") -> Outros | H39: =I39/$I$40 -> 0 | I39: 0
A40: Total de Remuneração | H40: =SUM(H31:H39) -> 1 | I40: =SUM(I31:I39) -> 3310.072
A42: II | B42: Encargos Sociais - Grupo II: Obrigações Sociais | H42: % | I42: Valor Mensal/unidade de serviço (R$)
A43: 1 | B43: INSS (art. 22, inc. I, Lei nº 8.212/91) | H43: 0.2 | I43: =$I$40*H43 -> 662.0144
A44: 2 | B44: SESI ou SESC (art. 30, Lei nº 8.036/90) | H44: 0.015 | I44: =$I$40*H44 -> 49.65108
A45: 3 | B45: SENAI ou SENAC (Decreto-Lei nº 2.318/86) | H45: 0.01 | I45: =$I$40*H45 -> 33.10072
A46: 4 | B46: INCRA (art. 15I, Lei Complementar nº 011/71) | H46: 0.002 | I46: =$I$40*H46 -> 6.620144
A47: 5 | B47: SALÁRIO EDUCAÇÃO (art. , inc. I, Decreto nº 87.043/82) | H47: 0.025 | I47: =$I$40*H47 -> 82.7518
A48: 6 | B48: FGTS (art. 15, Lei nº 8.036/90) | H48: 0.08 | I48: =$I$40*H48 -> 264.80576
A49: 7 | B49: SEG. ACIDENTE DO TRABALHO 1%, 2% e 3% (art. 22, inc. II, alíneas "b" e "c", da Lei nº 8.212/91) | H49: 0.03 | I49: =$I$40*H49 -> 99.30216
A50: 8 | B50: SEBRAE (§ 3º, art. 8º, Lei nº 8.029/90) | H50: 0.006 | I50: =$I$40*H50 -> 19.860432
A51: Total do Grupo II | H51: =SUM(H43:H50) -> 0.368 | I51: =SUM(I43:I50) -> 1218.1065
A52: Os percentuais para o SAT podem variar de 0,50% a 6,00% em função do Fator de Acidente Previdenciário (FAP), Decreto nº 6.957/2009
A53: Deverá obrigatoriamente acompanhar a proposta de preços e a planilha de custos e formação de preços a prova do Fator Acidentário de Prevenção – FAP por meio de impressão de consulta ao site do Ministério da Previdência Social (que pode ser obtido no endereço eletrônico http://www2.dataprev.gov.br/fap/fap.htm), independentemente de alteração da alíquota da parcela do Seguro Acidente de Trabalho disposta no Quadro II da referida planilha.
A54: III | B54: Encargos Sociais - Grupo III: Tempo Não Trabalhado | H54: % | I54: Valor Mensal/unidade de serviço (R$)
A55: 1 | B55: FÉRIAS GOZADAS + ADICIONAL DE FÉRIAS | H55: 0.119314 | I55: =$I$40*H55 -> 394.93793
A56: 2 | B56: FALTAS ABONADAS (3) | H56: 0.020479 | I56: =$I$40*H56 -> 67.786964
A57: 3 | B57: FALTAS LEGAIS (4) | H57: 0.012123 | I57: =$I$40*H57 -> 40.128003
A58: 4 | B58: LICENÇA MATERNIDADE | H58: 0.011436 | I58: =$I$40*H58 -> 37.853983
A59: 5 | B59: LICENÇA PATERNIDADE | H59: 0.000174 | I59: =$I$40*H59 -> 0.57595253
A60: 6 | B60: ACIDENTE DE TRABALHO | H60: 0.000442 | I60: =$I$40*H60 -> 1.4630518
A61: 7 | B61: AVISO PRÉVIO TRABALHADO | H61: 0.000185 | I61: =$I$40*H61 -> 0.61236332
A62: 8 | B62: 13º SALÁRIO | H62: 0.09079 | I62: =$I$40*H62 -> 300.52144
A63: Total do Grupo III | H63: =SUM(H55:H62) -> 0.254943 | I63: =SUM(I55:I62) -> 843.87969
A64: (3) | B64: Faltas Justificadas por Auxílio Doença
A65: (4) | B65: Faltas Legais - Art. 473 CLT
A66: IV | B66: Encargos Sociais - Grupo IV: Indenizações | H66: % | I66: Valor Mensal/unidade de serviço (R$)
A67: 1 | B67: INDENIZAÇÕES | H67: 0.023627 | I67: =$I$40*H67 -> 78.207071
A68: 2 | B68: FGTS SOBRE INDENIZAÇÕES | H68: 0.001717 | I68: =$I$40*H68 -> 5.6833936
A69: 3 | B69: INDENIZAÇÃO COMPENSATÓRIA POR DEMISSÃO SEM JUSTA CAUSA | H69: 0.009451 | I69: =$I$40*H69 -> 31.28349
A70: Total do Grupo IV | H70: =SUM(H67:H69) -> 0.034795 | I70: =SUM(I67:I69) -> 115.17396
A72: V | B72: Encargos Sociais - Grupo V: Incidências | H72: % | I72: Valor Mensal/unidade de serviço (R$)
A73: 1 | B73: INCIDÊNCIA GRUPO II (Obrigações Sociais) X GRUPO III (Tempo Não Trabalhado) | H73: =(H51*H63) -> 0.093819024 | I73: =$I$40*H73 -> 310.54772
A74: Total do Grupo V | H74: =SUM(H73:H73) -> 0.093819024 | I74: =I73 -> 310.54772
A76: TOTAL DOS ENCAGOS SOCIAIS (II + III + IV + V) | H76: =H51+H63+H70+H74 -> 0.75155702 | I76: =I51+I63+I70+I74 -> 2487.7079
A78: VI | B78: Demais custos relativos à Norma Coletiva ou Disposições Legais - Grupo VI | H78: % | I78: Valor Mensal/unidade de serviço (R$)
A79: 1 | B79: Auxílio Alimentação | H79: =I79/$I$40 -> 0.079514887 | I79: =I96 -> 263.2
A80: 2 | B80: Auxílio Lanche | H80: =I80/$I$40 -> 0 | I80: =I92 -> 0
A81: 3 | B81: Vale-Transporte⁽⁵⁾ | H81: =I81/$I$40 -> 0.04616818 | I81: =I88 -> 152.82
A82: 4 | B82: Adicional Intervalar | H82: =I82/$I$40 -> 0 | I82: =IF(I26="Não aplicável",0,((I10/H10)*1.5*I26)) -> 0
A83: 5 | B83: Outros | H83: =I83/$I$40 -> 0 | I83: =IF(I21="Não aplicável",0,I21) -> 0
A84: Total do Grupo VI | H84: =SUM(H79:H83) -> 0.12568307 | I84: =SUM(I79:I83) -> 416.02
A85: (5) | B85: O valor do vale-transporte pode variar de acordo com o modal fornecido pelo empregador.
A86: MEMÓRIA DE CÁLCULO DO VALE TRANSPORTE
A87: Valor Unitário | C87: Dias de Trabalho | D87: Vale p/dia | E87: Custo total | F87: Base de cálculo | G87: Percentual de desconto | H87: Valor desconto | I87: Custo efetivo
A88: =I12 -> 4.8 | C88: =I13 -> 22 | D88: 2 | E88: =A88*C88*D88 -> 211.2 | F88: =I31 -> 1946 | G88: =I14 -> 0.03 | H88: =F88*G88 -> 58.38 | I88: =IF((E88-H88)>0,E88-H88,0) -> 152.82
A90: MEMÓRIA DE CÁLCULO DO VALE LANCHE
A91: Valor Unitário | C91: Dias por mês | D91: Vale p/dia | E91: Custo total | F91: Base de cálculo | G91: Percentual de desconto | H91: Valor desconto | I91: Custo efetivo
A92: =I18 -> 0 | C92: =I19 -> 0 | D92: 1 | E92: =A92*C92*D92 -> 0 | F92: =E92 -> 0 | G92: =I20 -> 0 | H92: =F92*G92 -> 0 | I92: =E92-H92 -> 0
A94: MEMÓRIA DE CÁLCULO DO VALE ALIMENTAÇÃO
A95: Valor Unitário | C95: Dias por mês | D95: Vale p/dia | E95: Custo total | F95: Base de cálculo | G95: Percentual de desconto | H95: =H87 -> Valor desconto | I95: Custo efetivo
A96: =I15 -> 329 | C96: =I16 -> 1 | D96: 1 | E96: =A96*C96*D96 -> 329 | F96: =E96 -> 329 | G96: =I17 -> 0.2 | H96: =F96*G96 -> 65.8 | I96: =E96-H96 -> 263.2
A98: TOTAL DO MONTANTE A (I + II + III+ IV + V +VI) | H98: =H40+H76+H84 -> 1.8772401 | I98: =I40+I76+I84 -> 6213.7999
A100: MONTANTE B
A101: I | B101: Despesas Diretas | H101: % | I101: Valor Mensal/unidade de serviço (R$)
A102: 1 | B102: Transporte (6) | H102: =I102/$I$113 -> 0 | I102: 0
A103: 2 | B103: Uniformes/EPI (6a) | H103: =I103/$I$113 -> 0 | I103: =IF(F111=10%,G111,0) -> 0
A104: 3 | B104: Seguro de vida | H104: =I104/$I$113 -> 0 | I104: 0
A105: 4 | B105: Materiais/Equipamentos | H105: =I105/$I$113 -> 0 | I105: 0
A106: 5 | B106: Mobilização (7) | H106: =I106/$I$113 -> 0 | I106: 0
A107: 6 | B107: Outros (especificar) | H107: =I107/$I$113 -> 0 | I107: 0
A108: Total de Despesas Diretas | H108: =H102+H103+H104+H105+H106+H107 -> 0 | I108: =SUM(I102:I107) -> 0
B109: (6) Somente será preenchido quando o licitante fornecer transporte próprio (6a) EPI - Equipamento de Proteção Individual (7) Tais custos de mobilização não são renováveis, devendo ser eliminados após o primeiro ano de contrato caso haja prorrogação
A111: LIMITE QUADRO I (Despesas Diretas) sobre Montante A (exceto Vale-transporte), conforme alíneas "b.2" e "b.3", Inc. II, art. 7º, do Decreto 52.768/2015, alterado pelo Decreto 53.424/2017: 10% SEM MATERIAIS/EQUIPAMENTOS; 20% COM MATERIAIS/EQUIPAMENTOS | F111: =I27 -> 0.2 | G111: =I113*F111 -> 1212.196 | H111: Dedução Vale Transporte | I111: =I81 -> 152.82
...

Sheet Serralheiro - 40h POA
A1: PLANILHA DE CUSTOS E FORMAÇÃO DE PREÇOS DE SERVIÇOS CONTINUADOS COM DEDICAÇÃO EXCLUSIVA DE MÃO DE OBRA (ANEXO III - DECRETO 52.768 de 15.12.2015)
A2: PROCESSO: | C2: 23/2000-0038457-5 | E2: REGIME DE TRIBUTAÇÃO: LUCRO REAL
A3: LICITAÇÃO/EDITAL | E3: ABERTURA:
A5: Cargo/Função: | D5: Serralheiro Oficial | G5: =IF(D6="12x36","Regime de trabalho:","Quantidade de HORAS/MÊS") -> Quantidade de HORAS/MÊS | I5: =IF(D6="12x36",D6,5*D6) -> 200
A6: =IF(D6="12x36","Regime de trabalho:","Regime de trabalho (horas semanais):") -> Regime de trabalho (horas semanais): | D6: 40
A7: Convenção Coletiva de Trabalho: | D7: RS003085/2023 | G7: INSALUBRIDADE (10%, 20%, 40%) | I7: 0.4
A8: Origem do salário: | D8: CCT
A9: Cidade: | D9: Porto Alegre | G9: PERICULOSIDADE (30%) | I9: Não aplicável
A10: Salário Normativo | G10: Vlr. do salário e nº de horas correspondentes | H10: 220 | I10: 2140.6
A11: ISS | G11: =D9 -> Porto Alegre | H11: Alíquota | I11: 0.05
A12: Tarifa Transporte | G12: CCT | H12: Vr. Unitário | I12: 4.8
H13: Dias | I13: 22
H14: Desconto | I14: 0.03
A15: Auxílio Alimentação | G15: CCT | H15: Vr. Unitário | I15: 329
H16: Mês | I16: 1
H17: Desconto | I17: 0.2
A18: Auxílio Lanche | G18: CCT | H18: Vr. Unitário | I18: 0
H19: Dias | I19: 0
H20: Desconto | I20: 0
A21: Outros benefícios que refletem na planilha de custos, caso constem na CCT. | G21: CCT | H21: Valor mensal | I21: 0
A22: Outros | H22: Porcentagem | I22: Não aplicável
A23: Base de cálculo da insalubridade: Art. 1º, II, da Lei Estadual 16.040/2023. | H23: Valor | I23: 1610.13
A24: Quantitativo de horas trabalhadas em feriados no mês (estimado) - Não aplicável para postos 12x36 | H24: Horas por mês | I24: Não aplicável
H25: Acréscimo da hora extra | I25: Não aplicável
A26: Hora Intervalar (somente para postos 12x36, quando for o caso) | H26: Horas por mês | I26: Não aplicável
A27: Sem fornecimento de materiais ou apenas fornecimento de EPIs ou uniformes, utilizar 10%. Com fornecimento de materiais ou equipamentos, utilizar 20%. (Decreto 52.768/2015, alterado pelo Decreto 53.424/2017) | H27: Porcentagem | I27: 0.2
A29: MONTANTE A
A30: I | B30: Remuneração - Grupo I | H30: % | I30: Valor Mensal/unidade de serviço (R$)
A31: 1 | B31: Salário | H31: =I31/$I$40 -> 0.75133627 | I31: =IF(D6="12x36",I10,I10/H10*I5) -> 1946
A32: =A31+1 -> 2 | B32: Adicional Periculosidade 30% (Ver súmulas 364, 132 e 191 do TST) | H32: =I32/$I$40 -> 0 | I32: =IF(I9=30%,I31*I9,0) -> 0
A33: =A32+1 -> 3 | B33: Adicional Insalubridade 10% (Ver súmula 228 e 139 TST) | H33: =I33/$I$40 -> 0 | I33: =IF(I7=10%,I23*I7,0) -> 0
A34: =A33+1 -> 4 | B34: Adicional Insalubridade 20% (Ver súmula 228 e 139 TST) | H34: =I34/$I$40 -> 0 | I34: =IF(I7=20%,I23*I7,0) -> 0
A35: =A34+1 -> 5 | B35: Adicional Insalubridade 40% (Ver súmula 228 e 139 TST) | H35: =I35/$I$40 -> 0.24866373 | I35: =IF(I7=40%,I23*I7,0) -> 644.052
A36: =A35+1 -> 6 | B36: Outros | H36: =I36/$I$40 -> 0 | I36: =IF(I22="Não aplicável",0,I31*I22) -> 0
A37: =A36+1 -> 7 | B37: Feriados | H37: =I37/$I$40 -> 0 | I37: =IF(I24="Não aplicável",0,(I31+I32+I33+I34+I35+I36+I39)/I5*I24*(1+I25)) -> 0
A38: =A37+1 -> 8 | B38: DSR = número total das horas extras do mês / número de dias úteis X domingos e feriados do mês X valor da hora extra com acréscimo | H38: =I38/$I$40 -> 0 | I38: =IF(I24="Não aplicável",0,I24/I13*5*(I10/H10*(1+I25))) -> 0
A39: =A38+1 -> 9 | B39: =IF(D6="12x36","Para postos 12x36 os feriados são considerados compensados, conforme parágrafo único, Art. 59-A da CLT","Outros") -> Outros | H39: =I39/$I$40 -> 0 | I39: 0
A40: Total de Remuneração | H40: =SUM(H31:H39) -> 1 | I40: =SUM(I31:I39) -> 2590.052
A42: II | B42: Encargos Sociais - Grupo II: Obrigações Sociais | H42: % | I42: Valor Mensal/unidade de serviço (R$)
A43: 1 | B43: INSS (art. 22, inc. I, Lei nº 8.212/91) | H43: 0.2 | I43: =$I$40*H43 -> 518.0104
A44: 2 | B44: SESI ou SESC (art. 30, Lei nº 8.036/90) | H44: 0.015 | I44: =$I$40*H44 -> 38.85078
A45: 3 | B45: SENAI ou SENAC (Decreto-Lei nº 2.318/86) | H45: 0.01 | I45: =$I$40*H45 -> 25.90052
A46: 4 | B46: INCRA (art. 15I, Lei Complementar nº 011/71) | H46: 0.002 | I46: =$I$40*H46 -> 5.180104
A47: 5 | B47: SALÁRIO EDUCAÇÃO (art. , inc. I, Decreto nº 87.043/82) | H47: 0.025 | I47: =$I$40*H47 -> 64.7513
A48: 6 | B48: FGTS (art. 15, Lei nº 8.036/90) | H48: 0.08 | I48: =$I$40*H48 -> 207.20416
A49: 7 | B49: SEG. ACIDENTE DO TRABALHO 1%, 2% e 3% (art. 22, inc. II, alíneas "b" e "c", da Lei nº 8.212/91) | H49: 0.03 | I49: =$I$40*H49 -> 77.70156
A50: 8 | B50: SEBRAE (§ 3º, art. 8º, Lei nº 8.029/90) | H50: 0.006 | I50: =$I$40*H50 -> 15.540312
A51: Total do Grupo II | H51: =SUM(H43:H50) -> 0.368 | I51: =SUM(I43:I50) -> 953.13914
A52: Os percentuais para o SAT podem variar de 0,50% a 6,00% em função do Fator de Acidente Previdenciário (FAP), Decreto nº 6.957/2009
A53: Deverá obrigatoriamente acompanhar a proposta de preços e a planilha de custos e formação de preços a prova do Fator Acidentário de Prevenção – FAP por meio de impressão de consulta ao site do Ministério da Previdência Social (que pode ser obtido no endereço eletrônico http://www2.dataprev.gov.br/fap/fap.htm), independentemente de alteração da alíquota da parcela do Seguro Acidente de Trabalho disposta no Quadro II da referida planilha.
A54: III | B54: Encargos Sociais - Grupo III: Tempo Não Trabalhado | H54: % | I54: Valor Mensal/unidade de serviço (R$)
A55: 1 | B55: FÉRIAS GOZADAS + ADICIONAL DE FÉRIAS | H55: 0.119314 | I55: =$I$40*H55 -> 309.02946
A56: 2 | B56: FALTAS ABONADAS (3) | H56: 0.020479 | I56: =$I$40*H56 -> 53.041675
A57: 3 | B57: FALTAS LEGAIS (4) | H57: 0.012123 | I57: =$I$40*H57 -> 31.3992
A58: 4 | B58: LICENÇA MATERNIDADE | H58: 0.011436 | I58: =$I$40*H58 -> 29.619835
A59: 5 | B59: LICENÇA PATERNIDADE | H59: 0.000174 | I59: =$I$40*H59 -> 0.45066905
A60: 6 | B60: ACIDENTE DE TRABALHO | H60: 0.000442 | I60: =$I$40*H60 -> 1.144803
A61: 7 | B61: AVISO PRÉVIO TRABALHADO | H61: 0.000185 | I61: =$I$40*H61 -> 0.47915962
A62: 8 | B62: 13º SALÁRIO | H62: 0.09079 | I62: =$I$40*H62 -> 235.15082
A63: Total do Grupo III | H63: =SUM(H55:H62) -> 0.254943 | I63: =SUM(I55:I62) -> 660.31563
A64: (3) | B64: Faltas Justificadas por Auxílio Doença
A65: (4) | B65: Faltas Legais - Art. 473 CLT
A66: IV | B66: Encargos Sociais - Grupo IV: Indenizações | H66: % | I66: Valor Mensal/unidade de serviço (R$)
A67: 1 | B67: INDENIZAÇÕES | H67: 0.023627 | I67: =$I$40*H67 -> 61.195159
A68: 2 | B68: FGTS SOBRE INDENIZAÇÕES | H68: 0.001717 | I68: =$I$40*H68 -> 4.4471193
A69: 3 | B69: INDENIZAÇÃO COMPENSATÓRIA POR DEMISSÃO SEM JUSTA CAUSA | H69: 0.009451 | I69: =$I$40*H69 -> 24.478581
A70: Total do Grupo IV | H70: =SUM(H67:H69) -> 0.034795 | I70: =SUM(I67:I69) -> 90.120859
A72: V | B72: Encargos Sociais - Grupo V: Incidências | H72: % | I72: Valor Mensal/unidade de serviço (R$)
A73: 1 | B73: INCIDÊNCIA GRUPO II (Obrigações Sociais) X GRUPO III (Tempo Não Trabalhado) | H73: =(H51*H63) -> 0.093819024 | I73: =$I$40*H73 -> 242.99615
A74: Total do Grupo V | H74: =SUM(H73:H73) -> 0.093819024 | I74: =I73 -> 242.99615
A76: TOTAL DOS ENCAGOS SOCIAIS (II + III + IV + V) | H76: =H51+H63+H70+H74 -> 0.75155702 | I76: =I51+I63+I70+I74 -> 1946.5718
A78: VI | B78: Demais custos relativos à Norma Coletiva ou Disposições Legais - Grupo VI | H78: % | I78: Valor Mensal/unidade de serviço (R$)
A79: 1 | B79: Auxílio Alimentação | H79: =I79/$I$40 -> 0.10161958 | I79: =I96 -> 263.2
A80: 2 | B80: Auxílio Lanche | H80: =I80/$I$40 -> 0 | I80: =I92 -> 0
A81: 3 | B81: Vale-Transporte⁽⁵⁾ | H81: =I81/$I$40 -> 0.059002676 | I81: =I88 -> 152.82
A82: 4 | B82: Adicional Intervalar | H82: =I82/$I$40 -> 0 | I82: =IF(I26="Não aplicável",0,((I10/H10)*1.5*I26)) -> 0
A83: 5 | B83: Outros | H83: =I83/$I$40 -> 0 | I83: =IF(I21="Não aplicável",0,I21) -> 0
A84: Total do Grupo VI | H84: =SUM(H79:H83) -> 0.16062226 | I84: =SUM(I79:I83) -> 416.02
A85: (5) | B85: O valor do vale-transporte pode variar de acordo com o modal fornecido pelo empregador.
A86: MEMÓRIA DE CÁLCULO DO VALE TRANSPORTE
A87: Valor Unitário | C87: Dias de Trabalho | D87: Vale p/dia | E87: Custo total | F87: Base de cálculo | G87: Percentual de desconto | H87: Valor desconto | I87: Custo efetivo
A88: =I12 -> 4.8 | C88: =I13 -> 22 | D88: 2 | E88: =A88*C88*D88 -> 211.2 | F88: =I31 -> 1946 | G88: =I14 -> 0.03 | H88: =F88*G88 -> 58.38 | I88: =IF((E88-H88)>0,E88-H88,0) -> 152.82
A90: MEMÓRIA DE CÁLCULO DO VALE LANCHE
A91: Valor Unitário | C91: Dias por mês | D91: Vale p/dia | E91: Custo total | F91: Base de cálculo | G91: Percentual de desconto | H91: Valor desconto | I91: Custo efetivo
A92: =I18 -> 0 | C92: =I19 -> 0 | D92: 1 | E92: =A92*C92*D92 -> 0 | F92: =E92 -> 0 | G92: =I20 -> 0 | H92: =F92*G92 -> 0 | I92: =E92-H92 -> 0
A94: MEMÓRIA DE CÁLCULO DO VALE ALIMENTAÇÃO
A95: Valor Unitário | C95: Dias por mês | D95: Vale p/dia | E95: Custo total | F95: Base de cálculo | G95: Percentual de desconto | H95: =H87 -> Valor desconto | I95: Custo efetivo
A96: =I15 -> 329 | C96: =I16 -> 1 | D96: 1 | E96: =A96*C96*D96 -> 329 | F96: =E96 -> 329 | G96: =I17 -> 0.2 | H96: =F96*G96 -> 65.8 | I96: =E96-H96 -> 263.2
A98: TOTAL DO MONTANTE A (I + II + III+ IV + V +VI) | H98: =H40+H76+H84 -> 1.9121793 | I98: =I40+I76+I84 -> 4952.6438
A100: MONTANTE B
A101: I | B101: Despesas Diretas | H101: % | I101: Valor Mensal/unidade de serviço (R$)
A102: 1 | B102: Transporte (6) | H102: =I102/$I$113 -> 0 | I102: 0
A103: 2 | B103: Uniformes/EPI (6a) | H103: =I103/$I$113 -> 0 | I103: =IF(F111=10%,G111,0) -> 0
A104: 3 | B104: Seguro de vida | H104: =I104/$I$113 -> 0 | I104: 0
A105: 4 | B105: Materiais/Equipamentos | H105: =I105/$I$113 -> 0 | I105: 0
A106: 5 | B106: Mobilização (7) | H106: =I106/$I$113 -> 0 | I106: 0
A107: 6 | B107: Outros (especificar) | H107: =I107/$I$113 -> 0 | I107: 0
A108: Total de Despesas Diretas | H108: =H102+H103+H104+H105+H106+H107 -> 0 | I108: =SUM(I102:I107) -> 0
B109: (6) Somente será preenchido quando o licitante fornecer transporte próprio (6a) EPI - Equipamento de Proteção Individual (7) Tais custos de mobilização não são renováveis, devendo ser eliminados após o primeiro ano de contrato caso haja prorrogação
A111: LIMITE QUADRO I (Despesas Diretas) sobre Montante A (exceto Vale-transporte), conforme alíneas "b.2" e "b.3", Inc. II, art. 7º, do Decreto 52.768/2015, alterado pelo Decreto 53.424/2017: 10% SEM MATERIAIS/EQUIPAMENTOS; 20% COM MATERIAIS/EQUIPAMENTOS | F111: =I27 -> 0.2 | G111: =I113*F111 -> 959.96475 | H111: Dedução Vale Transporte | I111: =I81 -> 152.82
...

Sheet Pintor 40h -POA
A1: PLANILHA DE CUSTOS E FORMAÇÃO DE PREÇOS DE SERVIÇOS CONTINUADOS COM DEDICAÇÃO EXCLUSIVA DE MÃO DE OBRA (ANEXO III - DECRETO 52.768 de 15.12.2015)
A2: PROCESSO: | C2: 23/2000-0038457-5 | E2: REGIME DE TRIBUTAÇÃO: LUCRO REAL
A3: LICITAÇÃO/EDITAL | E3: ABERTURA:
A5: Cargo/Função: | D5: Pintor Oficial | G5: =IF(D6="12x36","Regime de trabalho:","Quantidade de HORAS/MÊS") -> Quantidade de HORAS/MÊS | I5: =IF(D6="12x36",D6,5*D6) -> 200
A6: =IF(D6="12x36","Regime de trabalho:","Regime de trabalho (horas semanais):") -> Regime de trabalho (horas semanais): | D6: 40
A7: Convenção Coletiva de Trabalho: | D7: RS003085/2023 | G7: INSALUBRIDADE (10%, 20%, 40%) | I7: 0.4
A8: Origem do salário: | D8: CCT
A9: Cidade: | D9: Porto Alegre | G9: PERICULOSIDADE (30%) | I9: Não aplicável
A10: Salário Normativo | G10: Vlr. do salário e nº de horas correspondentes | H10: 220 | I10: 2140.6
A11: ISS | G11: =D9 -> Porto Alegre | H11: Alíquota | I11: 0.05
A12: Tarifa Transporte | G12: CCT | H12: Vr. Unitário | I12: 4.8
H13: Dias | I13: 22
H14: Desconto | I14: 0.03
A15: Auxílio Alimentação | G15: CCT | H15: Vr. Unitário | I15: 329
H16: Mês | I16: 1
H17: Desconto | I17: 0.2
A18: Auxílio Lanche | G18: CCT | H18: Vr. Unitário | I18: 0
H19: Dias | I19: 0
H20: Desconto | I20: 0
A21: Outros benefícios que refletem na planilha de custos, caso constem na CCT. | G21: CCT | H21: Valor mensal | I21: 0
A22: Outros | H22: Porcentagem | I22: Não aplicável
A23: Base de cálculo da insalubridade: Art. 1º, II, da Lei Estadual 16.040/2023. | H23: Valor | I23: 1610.13
A24: Quantitativo de horas trabalhadas em feriados no mês (estimado) - Não aplicável para postos 12x36 | H24: Horas por mês | I24: Não aplicável
H25: Acréscimo da hora extra | I25: Não aplicável
A26: Hora Intervalar (somente para postos 12x36, quando for o caso) | H26: Horas por mês | I26: Não aplicável
A27: Sem fornecimento de materiais ou apenas fornecimento de EPIs ou uniformes, utilizar 10%. Com fornecimento de materiais ou equipamentos, utilizar 20%. (Decreto 52.768/2015, alterado pelo Decreto 53.424/2017) | H27: Porcentagem | I27: 0.2
A29: MONTANTE A
A30: I | B30: Remuneração - Grupo I | H30: % | I30: Valor Mensal/unidade de serviço (R$)
A31: 1 | B31: Salário | H31: =I31/$I$40 -> 0.75133627 | I31: =IF(D6="12x36",I10,I10/H10*I5) -> 1946
A32: =A31+1 -> 2 | B32: Adicional Periculosidade 30% (Ver súmulas 364, 132 e 191 do TST) | H32: =I32/$I$40 -> 0 | I32: 0
A33: =A32+1 -> 3 | B33: Adicional Insalubridade 10% (Ver súmula 228 e 139 TST) | H33: =I33/$I$40 -> 0 | I33: =IF(I7=10%,I23*I7,0) -> 0
A34: =A33+1 -> 4 | B34: Adicional Insalubridade 20% (Ver súmula 228 e 139 TST) | H34: =I34/$I$40 -> 0 | I34: =IF(I7=20%,I23*I7,0) -> 0
A35: =A34+1 -> 5 | B35: Adicional Insalubridade 40% (Ver súmula 228 e 139 TST) | H35: =I35/$I$40 -> 0.24866373 | I35: =IF(I7=40%,I23*I7,0) -> 644.052
A36: =A35+1 -> 6 | B36: Outros | H36: =I36/$I$40 -> 0 | I36: =IF(I22="Não aplicável",0,I31*I22) -> 0
A37: =A36+1 -> 7 | B37: Feriados | H37: =I37/$I$40 -> 0 | I37: =IF(I24="Não aplicável",0,(I31+I32+I33+I34+I35+I36+I39)/I5*I24*(1+I25)) -> 0
A38: =A37+1 -> 8 | B38: DSR = número total das horas extras do mês / número de dias úteis X domingos e feriados do mês X valor da hora extra com acréscimo | H38: =I38/$I$40 -> 0 | I38: =IF(I24="Não aplicável",0,I24/I13*5*(I10/H10*(1+I25))) -> 0
A39: =A38+1 -> 9 | B39: =IF(D6="12x36","Para postos 12x36 os feriados são considerados compensados, conforme parágrafo único, Art. 59-A da CLT","Outros") -> Outros | H39: =I39/$I$40 -> 0 | I39: 0
A40: Total de Remuneração | H40: =SUM(H31:H39) -> 1 | I40: =SUM(I31:I39) -> 2590.052
A42: II | B42: Encargos Sociais - Grupo II: Obrigações Sociais | H42: % | I42: Valor Mensal/unidade de serviço (R$)
A43: 1 | B43: INSS (art. 22, inc. I, Lei nº 8.212/91) | H43: 0.2 | I43: =$I$40*H43 -> 518.0104
A44: 2 | B44: SESI ou SESC (art. 30, Lei nº 8.036/90) | H44: 0.015 | I44: =$I$40*H44 -> 38.85078
A45: 3 | B45: SENAI ou SENAC (Decreto-Lei nº 2.318/86) | H45: 0.01 | I45: =$I$40*H45 -> 25.90052
A46: 4 | B46: INCRA (art. 15I, Lei Complementar nº 011/71) | H46: 0.002 | I46: =$I$40*H46 -> 5.180104
A47: 5 | B47: SALÁRIO EDUCAÇÃO (art. , inc. I, Decreto nº 87.043/82) | H47: 0.025 | I47: =$I$40*H47 -> 64.7513
A48: 6 | B48: FGTS (art. 15, Lei nº 8.036/90) | H48: 0.08 | I48: =$I$40*H48 -> 207.20416
A49: 7 | B49: SEG. ACIDENTE DO TRABALHO 1%, 2% e 3% (art. 22, inc. II, alíneas "b" e "c", da Lei nº 8.212/91) | H49: 0.03 | I49: =$I$40*H49 -> 77.70156
A50: 8 | B50: SEBRAE (§ 3º, art. 8º, Lei nº 8.029/90) | H50: 0.006 | I50: =$I$40*H50 -> 15.540312
A51: Total do Grupo II | H51: =SUM(H43:H50) -> 0.368 | I51: =SUM(I43:I50) -> 953.13914
A52: Os percentuais para o SAT podem variar de 0,50% a 6,00% em função do Fator de Acidente Previdenciário (FAP), Decreto nº 6.957/2009
A53: Deverá obrigatoriamente acompanhar a proposta de preços e a planilha de custos e formação de preços a prova do Fator Acidentário de Prevenção – FAP por meio de impressão de consulta ao site do Ministério da Previdência Social (que pode ser obtido no endereço eletrônico http://www2.dataprev.gov.br/fap/fap.htm), independentemente de alteração da alíquota da parcela do Seguro Acidente de Trabalho disposta no Quadro II da referida planilha.
A54: III | B54: Encargos Sociais - Grupo III: Tempo Não Trabalhado | H54: % | I54: Valor Mensal/unidade de serviço (R$)
A55: 1 | B55: FÉRIAS GOZADAS + ADICIONAL DE FÉRIAS | H55: 0.119314 | I55: =$I$40*H55 -> 309.02946
A56: 2 | B56: FALTAS ABONADAS (3) | H56: 0.020479 | I56: =$I$40*H56 -> 53.041675
A57: 3 | B57: FALTAS LEGAIS (4) | H57: 0.012123 | I57: =$I$40*H57 -> 31.3992
A58: 4 | B58: LICENÇA MATERNIDADE | H58: 0.011436 | I58: =$I$40*H58 -> 29.619835
A59: 5 | B59: LICENÇA PATERNIDADE | H59: 0.000174 | I59: =$I$40*H59 -> 0.45066905
A60: 6 | B60: ACIDENTE DE TRABALHO | H60: 0.000442 | I60: =$I$40*H60 -> 1.144803
A61: 7 | B61: AVISO PRÉVIO TRABALHADO | H61: 0.000185 | I61: =$I$40*H61 -> 0.47915962
A62: 8 | B62: 13º SALÁRIO | H62: 0.09079 | I62: =$I$40*H62 -> 235.15082
A63: Total do Grupo III | H63: =SUM(H55:H62) -> 0.254943 | I63: =SUM(I55:I62) -> 660.31563
A64: (3) | B64: Faltas Justificadas por Auxílio Doença
A65: (4) | B65: Faltas Legais - Art. 473 CLT
A66: IV | B66: Encargos Sociais - Grupo IV: Indenizações | H66: % | I66: Valor Mensal/unidade de serviço (R$)
A67: 1 | B67: INDENIZAÇÕES | H67: 0.023627 | I67: =$I$40*H67 -> 61.195159
A68: 2 | B68: FGTS SOBRE INDENIZAÇÕES | H68: 0.001717 | I68: =$I$40*H68 -> 4.4471193
A69: 3 | B69: INDENIZAÇÃO COMPENSATÓRIA POR DEMISSÃO SEM JUSTA CAUSA | H69: 0.009451 | I69: =$I$40*H69 -> 24.478581
A70: Total do Grupo IV | H70: =SUM(H67:H69) -> 0.034795 | I70: =SUM(I67:I69) -> 90.120859
A72: V | B72: Encargos Sociais - Grupo V: Incidências | H72: % | I72: Valor Mensal/unidade de serviço (R$)
A73: 1 | B73: INCIDÊNCIA GRUPO II (Obrigações Sociais) X GRUPO III (Tempo Não Trabalhado) | H73: =(H51*H63) -> 0.093819024 | I73: =$I$40*H73 -> 242.99615
A74: Total do Grupo V | H74: =SUM(H73:H73) -> 0.093819024 | I74: =I73 -> 242.99615
A76: TOTAL DOS ENCAGOS SOCIAIS (II + III + IV + V) | H76: =H51+H63+H70+H74 -> 0.75155702 | I76: =I51+I63+I70+I74 -> 1946.5718
A78: VI | B78: Demais custos relativos à Norma Coletiva ou Disposições Legais - Grupo VI | H78: % | I78: Valor Mensal/unidade de serviço (R$)
A79: 1 | B79: Auxílio Alimentação | H79: =I79/$I$40 -> 0.10161958 | I79: =I96 -> 263.2
A80: 2 | B80: Auxílio Lanche | H80: =I80/$I$40 -> 0 | I80: =I92 -> 0
A81: 3 | B81: Vale-Transporte⁽⁵⁾ | H81: =I81/$I$40 -> 0.059002676 | I81: =I88 -> 152.82
A82: 4 | B82: Adicional Intervalar | H82: =I82/$I$40 -> 0 | I82: =IF(I26="Não aplicável",0,((I10/H10)*1.5*I26)) -> 0
A83: 5 | B83: Outros | H83: =I83/$I$40 -> 0 | I83: =IF(I21="Não aplicável",0,I21) -> 0
A84: Total do Grupo VI | H84: =SUM(H79:H83) -> 0.16062226 | I84: =SUM(I79:I83) -> 416.02
A85: (5) | B85: O valor do vale-transporte pode variar de acordo com o modal fornecido pelo empregador.
A86: MEMÓRIA DE CÁLCULO DO VALE TRANSPORTE
A87: Valor Unitário | C87: Dias de Trabalho | D87: Vale p/dia | E87: Custo total | F87: Base de cálculo | G87: Percentual de desconto | H87: Valor desconto | I87: Custo efetivo
A88: =I12 -> 4.8 | C88: =I13 -> 22 | D88: 2 | E88: =A88*C88*D88 -> 211.2 | F88: =I31 -> 1946 | G88: =I14 -> 0.03 | H88: =F88*G88 -> 58.38 | I88: =IF((E88-H88)>0,E88-H88,0) -> 152.82
A90: MEMÓRIA DE CÁLCULO DO VALE LANCHE
A91: Valor Unitário | C91: Dias por mês | D91: Vale p/dia | E91: Custo total | F91: Base de cálculo | G91: Percentual de desconto | H91: Valor desconto | I91: Custo efetivo
A92: =I18 -> 0 | C92: =I19 -> 0 | D92: 1 | E92: =A92*C92*D92 -> 0 | F92: =E92 -> 0 | G92: =I20 -> 0 | H92: =F92*G92 -> 0 | I92: =E92-H92 -> 0
A94: MEMÓRIA DE CÁLCULO DO VALE ALIMENTAÇÃO
A95: Valor Unitário | C95: Dias por mês | D95: Vale p/dia | E95: Custo total | F95: Base de cálculo | G95: Percentual de desconto | H95: =H87 -> Valor desconto | I95: Custo efetivo
A96: =I15 -> 329 | C96: =I16 -> 1 | D96: 1 | E96: =A96*C96*D96 -> 329 | F96: =E96 -> 329 | G96: =I17 -> 0.2 | H96: =F96*G96 -> 65.8 | I96: =E96-H96 -> 263.2
A98: TOTAL DO MONTANTE A (I + II + III+ IV + V +VI) | H98: =H40+H76+H84 -> 1.9121793 | I98: =I40+I76+I84 -> 4952.6438
A100: MONTANTE B
A101: I | B101: Despesas Diretas | H101: % | I101: Valor Mensal/unidade de serviço (R$)
A102: 1 | B102: Transporte (6) | H102: =I102/$I$113 -> 0 | I102: 0
A103: 2 | B103: Uniformes/EPI (6a) | H103: =I103/$I$113 -> 0 | I103: =IF(F111=10%,G111,0) -> 0
A104: 3 | B104: Seguro de vida | H104: =I104/$I$113 -> 0 | I104: 0
A105: 4 | B105: Materiais/Equipamentos | H105: =I105/$I$113 -> 0 | I105: 0
A106: 5 | B106: Mobilização (7) | H106: =I106/$I$113 -> 0 | I106: 0
A107: 6 | B107: Outros (especificar) | H107: =I107/$I$113 -> 0 | I107: 0
A108: Total de Despesas Diretas | H108: =H102+H103+H104+H105+H106+H107 -> 0 | I108: =SUM(I102:I107) -> 0
B109: (6) Somente será preenchido quando o licitante fornecer transporte próprio (6a) EPI - Equipamento de Proteção Individual (7) Tais custos de mobilização não são renováveis, devendo ser eliminados após o primeiro ano de contrato caso haja prorrogação
A111: LIMITE QUADRO I (Despesas Diretas) sobre Montante A (exceto Vale-transporte), conforme alíneas "b.2" e "b.3", Inc. II, art. 7º, do Decreto 52.768/2015, alterado pelo Decreto 53.424/2017: 10% SEM MATERIAIS/EQUIPAMENTOS; 20% COM MATERIAIS/EQUIPAMENTOS | F111: =I27 -> 0.2 | G111: =I113*F111 -> 959.96475 | H111: Dedução Vale Transporte | I111: =I81 -> 152.82
...

Sheet Pedreiro - 40h POA
A1: PLANILHA DE CUSTOS E FORMAÇÃO DE PREÇOS DE SERVIÇOS CONTINUADOS COM DEDICAÇÃO EXCLUSIVA DE MÃO DE OBRA (ANEXO III - DECRETO 52.768 de 15.12.2015)
A2: PROCESSO: | C2: 23/2000-0038457-5 | E2: REGIME DE TRIBUTAÇÃO: LUCRO REAL
A3: LICITAÇÃO/EDITAL | E3: ABERTURA:
A5: Cargo/Função: | D5: Pedreiro Oficial | G5: =IF(D6="12x36","Regime de trabalho:","Quantidade de HORAS/MÊS") -> Quantidade de HORAS/MÊS | I5: =IF(D6="12x36",D6,5*D6) -> 200
A6: =IF(D6="12x36","Regime de trabalho:","Regime de trabalho (horas semanais):") -> Regime de trabalho (horas semanais): | D6: 40
A7: Convenção Coletiva de Trabalho: | D7: RS003085/2023 | G7: INSALUBRIDADE (10%, 20%, 40%) | I7: 0.4
A8: Origem do salário: | D8: CCT
A9: Cidade: | D9: Porto Alegre | G9: PERICULOSIDADE (30%) | I9: 0
A10: Salário Normativo | G10: Vlr. do salário e nº de horas correspondentes | H10: 220 | I10: 2140.6
A11: ISS | G11: =D9 -> Porto Alegre | H11: Alíquota | I11: 0.05
A12: Tarifa Transporte | G12: CCT | H12: Vr. Unitário | I12: 4.8
H13: Dias | I13: 22
H14: Desconto | I14: 0.03
A15: Auxílio Alimentação | G15: CCT | H15: Vr. Unitário | I15: 329
H16: Mês | I16: 1
H17: Desconto | I17: 0.2
A18: Auxílio Lanche | G18: CCT | H18: Vr. Unitário | I18: 0
H19: Dias | I19: 0
H20: Desconto | I20: 0
A21: Outros benefícios que refletem na planilha de custos, caso constem na CCT. | G21: CCT | H21: Valor mensal | I21: 0
A22: Outros | H22: Porcentagem | I22: Não aplicável
A23: Base de cálculo da insalubridade: Art. 1º, II, da Lei Estadual 16.040/2023. | H23: Valor | I23: 1610.13
A24: Quantitativo de horas trabalhadas em feriados no mês (estimado) - Não aplicável para postos 12x36 | H24: Horas por mês | I24: Não aplicável
H25: Acréscimo da hora extra | I25: Não aplicável
A26: Hora Intervalar (somente para postos 12x36, quando for o caso) | H26: Horas por mês | I26: Não aplicável
A27: Sem fornecimento de materiais ou apenas fornecimento de EPIs ou uniformes, utilizar 10%. Com fornecimento de materiais ou equipamentos, utilizar 20%. (Decreto 52.768/2015, alterado pelo Decreto 53.424/2017) | H27: Porcentagem | I27: 0.2
A29: MONTANTE A
A30: I | B30: Remuneração - Grupo I | H30: % | I30: Valor Mensal/unidade de serviço (R$)
A31: 1 | B31: Salário | H31: =I31/$I$40 -> 0.75133627 | I31: =IF(D6="12x36",I10,I10/H10*I5) -> 1946
A32: =A31+1 -> 2 | B32: Adicional Periculosidade 30% (Ver súmulas 364, 132 e 191 do TST) | H32: 0 | I32: 0
A33: =A32+1 -> 3 | B33: Adicional Insalubridade 10% (Ver súmula 228 e 139 TST) | H33: =I33/$I$40 -> 0 | I33: =IF(I7=10%,I23*I7,0) -> 0
A34: =A33+1 -> 4 | B34: Adicional Insalubridade 20% (Ver súmula 228 e 139 TST) | H34: =I34/$I$40 -> 0 | I34: =IF(I7=20%,I23*I7,0) -> 0
A35: =A34+1 -> 5 | B35: Adicional Insalubridade 40% (Ver súmula 228 e 139 TST) | H35: =I35/$I$40 -> 0.24866373 | I35: =IF(I7=40%,I23*I7,0) -> 644.052
A36: =A35+1 -> 6 | B36: Outros | H36: =I36/$I$40 -> 0 | I36: =IF(I22="Não aplicável",0,I31*I22) -> 0
A37: =A36+1 -> 7 | B37: Feriados | H37: =I37/$I$40 -> 0 | I37: =IF(I24="Não aplicável",0,(I31+I32+I33+I34+I35+I36+I39)/I5*I24*(1+I25)) -> 0
A38: =A37+1 -> 8 | B38: DSR = número total das horas extras do mês / número de dias úteis X domingos e feriados do mês X valor da hora extra com acréscimo | H38: =I38/$I$40 -> 0 | I38: =IF(I24="Não aplicável",0,I24/I13*5*(I10/H10*(1+I25))) -> 0
A39: =A38+1 -> 9 | B39: =IF(D6="12x36","Para postos 12x36 os feriados são considerados compensados, conforme parágrafo único, Art. 59-A da CLT","Outros") -> Outros | H39: =I39/$I$40 -> 0 | I39: 0
A40: Total de Remuneração | H40: =SUM(H31:H39) -> 1 | I40: =SUM(I31:I39) -> 2590.052
A42: II | B42: Encargos Sociais - Grupo II: Obrigações Sociais | H42: % | I42: Valor Mensal/unidade de serviço (R$)
A43: 1 | B43: INSS (art. 22, inc. I, Lei nº 8.212/91) | H43: 0.2 | I43: =$I$40*H43 -> 518.0104
A44: 2 | B44: SESI ou SESC (art. 30, Lei nº 8.036/90) | H44: 0.015 | I44: =$I$40*H44 -> 38.85078
A45: 3 | B45: SENAI ou SENAC (Decreto-Lei nº 2.318/86) | H45: 0.01 | I45: =$I$40*H45 -> 25.90052
A46: 4 | B46: INCRA (art. 15I, Lei Complementar nº 011/71) | H46: 0.002 | I46: =$I$40*H46 -> 5.180104
A47: 5 | B47: SALÁRIO EDUCAÇÃO (art. , inc. I, Decreto nº 87.043/82) | H47: 0.025 | I47: =$I$40*H47 -> 64.7513
A48: 6 | B48: FGTS (art. 15, Lei nº 8.036/90) | H48: 0.08 | I48: =$I$40*H48 -> 207.20416
A49: 7 | B49: SEG. ACIDENTE DO TRABALHO 1%, 2% e 3% (art. 22, inc. II, alíneas "b" e "c", da Lei nº 8.212/91) | H49: 0.03 | I49: =$I$40*H49 -> 77.70156
A50: 8 | B50: SEBRAE (§ 3º, art. 8º, Lei nº 8.029/90) | H50: 0.006 | I50: =$I$40*H50 -> 15.540312
A51: Total do Grupo II | H51: =SUM(H43:H50) -> 0.368 | I51: =SUM(I43:I50) -> 953.13914
A52: Os percentuais para o SAT podem variar de 0,50% a 6,00% em função do Fator de Acidente Previdenciário (FAP), Decreto nº 6.957/2009
A53: Deverá obrigatoriamente acompanhar a proposta de preços e a planilha de custos e formação de preços a prova do Fator Acidentário de Prevenção – FAP por meio de impressão de consulta ao site do Ministério da Previdência Social (que pode ser obtido no endereço eletrônico http://www2.dataprev.gov.br/fap/fap.htm), independentemente de alteração da alíquota da parcela do Seguro Acidente de Trabalho disposta no Quadro II da referida planilha.
A54: III | B54: Encargos Sociais - Grupo III: Tempo Não Trabalhado | H54: % | I54: Valor Mensal/unidade de serviço (R$)
A55: 1 | B55: FÉRIAS GOZADAS + ADICIONAL DE FÉRIAS | H55: 0.119314 | I55: =$I$40*H55 -> 309.02946
A56: 2 | B56: FALTAS ABONADAS (3) | H56: 0.020479 | I56: =$I$40*H56 -> 53.041675
A57: 3 | B57: FALTAS LEGAIS (4) | H57: 0.012123 | I57: =$I$40*H57 -> 31.3992
A58: 4 | B58: LICENÇA MATERNIDADE | H58: 0.011436 | I58: =$I$40*H58 -> 29.619835
A59: 5 | B59: LICENÇA PATERNIDADE | H59: 0.000174 | I59: =$I$40*H59 -> 0.45066905
A60: 6 | B60: ACIDENTE DE TRABALHO | H60: 0.000442 | I60: =$I$40*H60 -> 1.144803
A61: 7 | B61: AVISO PRÉVIO TRABALHADO | H61: 0.000185 | I61: =$I$40*H61 -> 0.47915962
A62: 8 | B62: 13º SALÁRIO | H62: 0.09079 | I62: =$I$40*H62 -> 235.15082
A63: Total do Grupo III | H63: =SUM(H55:H62) -> 0.254943 | I63: =SUM(I55:I62) -> 660.31563
A64: (3) | B64: Faltas Justificadas por Auxílio Doença
A65: (4) | B65: Faltas Legais - Art. 473 CLT
A66: IV | B66: Encargos Sociais - Grupo IV: Indenizações | H66: % | I66: Valor Mensal/unidade de serviço (R$)
A67: 1 | B67: INDENIZAÇÕES | H67: 0.023627 | I67: =$I$40*H67 -> 61.195159
A68: 2 | B68: FGTS SOBRE INDENIZAÇÕES | H68: 0.001717 | I68: =$I$40*H68 -> 4.4471193
A69: 3 | B69: INDENIZAÇÃO COMPENSATÓRIA POR DEMISSÃO SEM JUSTA CAUSA | H69: 0.009451 | I69: =$I$40*H69 -> 24.478581
A70: Total do Grupo IV | H70: =SUM(H67:H69) -> 0.034795 | I70: =SUM(I67:I69) -> 90.120859
A72: V | B72: Encargos Sociais - Grupo V: Incidências | H72: % | I72: Valor Mensal/unidade de serviço (R$)
A73: 1 | B73: INCIDÊNCIA GRUPO II (Obrigações Sociais) X GRUPO III (Tempo Não Trabalhado) | H73: =(H51*H63) -> 0.093819024 | I73: =$I$40*H73 -> 242.99615
A74: Total do Grupo V | H74: =SUM(H73:H73) -> 0.093819024 | I74: =I73 -> 242.99615
A76: TOTAL DOS ENCAGOS SOCIAIS (II + III + IV + V) | H76: =H51+H63+H70+H74 -> 0.75155702 | I76: =I51+I63+I70+I74 -> 1946.5718
A78: VI | B78: Demais custos relativos à Norma Coletiva ou Disposições Legais - Grupo VI | H78: % | I78: Valor Mensal/unidade de serviço (R$)
A79: 1 | B79: Auxílio Alimentação | H79: =I79/$I$40 -> 0.10161958 | I79: =I96 -> 263.2
A80: 2 | B80: Auxílio Lanche | H80: =I80/$I$40 -> 0 | I80: =I92 -> 0
A81: 3 | B81: Vale-Transporte⁽⁵⁾ | H81: =I81/$I$40 -> 0.059002676 | I81: =I88 -> 152.82
A82: 4 | B82: Adicional Intervalar | H82: =I82/$I$40 -> 0 | I82: =IF(I26="Não aplicável",0,((I10/H10)*1.5*I26)) -> 0
A83: 5 | B83: Outros | H83: =I83/$I$40 -> 0 | I83: =IF(I21="Não aplicável",0,I21) -> 0
A84: Total do Grupo VI | H84: =SUM(H79:H83) -> 0.16062226 | I84: =SUM(I79:I83) -> 416.02
A85: (5) | B85: O valor do vale-transporte pode variar de acordo com o modal fornecido pelo empregador.
A86: MEMÓRIA DE CÁLCULO DO VALE TRANSPORTE
A87: Valor Unitário | C87: Dias de Trabalho | D87: Vale p/dia | E87: Custo total | F87: Base de cálculo | G87: Percentual de desconto | H87: Valor desconto | I87: Custo efetivo
A88: =I12 -> 4.8 | C88: =I13 -> 22 | D88: 2 | E88: =A88*C88*D88 -> 211.2 | F88: =I31 -> 1946 | G88: =I14 -> 0.03 | H88: =F88*G88 -> 58.38 | I88: =IF((E88-H88)>0,E88-H88,0) -> 152.82
A90: MEMÓRIA DE CÁLCULO DO VALE LANCHE
A91: Valor Unitário | C91: Dias por mês | D91: Vale p/dia | E91: Custo total | F91: Base de cálculo | G91: Percentual de desconto | H91: Valor desconto | I91: Custo efetivo
A92: =I18 -> 0 | C92: =I19 -> 0 | D92: 1 | E92: =A92*C92*D92 -> 0 | F92: =E92 -> 0 | G92: =I20 -> 0 | H92: =F92*G92 -> 0 | I92: =E92-H92 -> 0
A94: MEMÓRIA DE CÁLCULO DO VALE ALIMENTAÇÃO
A95: Valor Unitário | C95: Dias por mês | D95: Vale p/dia | E95: Custo total | F95: Base de cálculo | G95: Percentual de desconto | H95: =H87 -> Valor desconto | I95: Custo efetivo
A96: =I15 -> 329 | C96: =I16 -> 1 | D96: 1 | E96: =A96*C96*D96 -> 329 | F96: =E96 -> 329 | G96: =I17 -> 0.2 | H96: =F96*G96 -> 65.8 | I96: =E96-H96 -> 263.2
A98: TOTAL DO MONTANTE A (I + II + III+ IV + V +VI) | H98: =H40+H76+H84 -> 1.9121793 | I98: =I40+I76+I84 -> 4952.6438
A100: MONTANTE B
A101: I | B101: Despesas Diretas | H101: % | I101: Valor Mensal/unidade de serviço (R$)
A102: 1 | B102: Transporte (6) | H102: =I102/$I$113 -> 0 | I102: 0
A103: 2 | B103: Uniformes/EPI (6a) | H103: =I103/$I$113 -> 0 | I103: =IF(F111=10%,G111,0) -> 0
A104: 3 | B104: Seguro de vida | H104: =I104/$I$113 -> 0 | I104: 0
A105: 4 | B105: Materiais/Equipamentos | H105: =I105/$I$113 -> 0 | I105: 0
A106: 5 | B106: Mobilização (7) | H106: =I106/$I$113 -> 0 | I106: 0
A107: 6 | B107: Outros (especificar) | H107: =I107/$I$113 -> 0 | I107: 0
A108: Total de Despesas Diretas | H108: =H102+H103+H104+H105+H106+H107 -> 0 | I108: =SUM(I102:I107) -> 0
B109: (6) Somente será preenchido quando o licitante fornecer transporte próprio (6a) EPI - Equipamento de Proteção Individual (7) Tais custos de mobilização não são renováveis, devendo ser eliminados após o primeiro ano de contrato caso haja prorrogação
A111: LIMITE QUADRO I (Despesas Diretas) sobre Montante A (exceto Vale-transporte), conforme alíneas "b.2" e "b.3", Inc. II, art. 7º, do Decreto 52.768/2015, alterado pelo Decreto 53.424/2017: 10% SEM MATERIAIS/EQUIPAMENTOS; 20% COM MATERIAIS/EQUIPAMENTOS | F111: =I27 -> 0.2 | G111: =I113*F111 -> 959.96475 | H111: Dedução Vale Transporte | I111: =I81 -> 152.82
...

Sheet Marceneiro - 40h POA
A1: PLANILHA DE CUSTOS E FORMAÇÃO DE PREÇOS DE SERVIÇOS CONTINUADOS COM DEDICAÇÃO EXCLUSIVA DE MÃO DE OBRA (ANEXO III - DECRETO 52.768 de 15.12.2015)
A2: PROCESSO: | C2: 23/2000-0038457-5 | E2: REGIME DE TRIBUTAÇÃO: LUCRO REAL
A3: LICITAÇÃO/EDITAL | E3: ABERTURA:
A5: Cargo/Função: | D5: Marceneiro Oficial | G5: =IF(D6="12x36","Regime de trabalho:","Quantidade de HORAS/MÊS") -> Quantidade de HORAS/MÊS | I5: =IF(D6="12x36",D6,5*D6) -> 200
A6: =IF(D6="12x36","Regime de trabalho:","Regime de trabalho (horas semanais):") -> Regime de trabalho (horas semanais): | D6: 40
A7: Convenção Coletiva de Trabalho: | D7: RS003085/2023 | G7: INSALUBRIDADE (10%, 20%, 40%) | I7: 0.4
A8: Origem do salário: | D8: CCT
A9: Cidade: | D9: Porto Alegre | G9: PERICULOSIDADE (30%) | I9: Não aplicável
A10: Salário Normativo | G10: Vlr. do salário e nº de horas correspondentes | H10: 220 | I10: 2140.6
A11: ISS | G11: =D9 -> Porto Alegre | H11: Alíquota | I11: 0.05
A12: Tarifa Transporte | G12: CCT | H12: Vr. Unitário | I12: 4.8
H13: Dias | I13: 22
H14: Desconto | I14: 0.03
A15: Auxílio Alimentação | G15: CCT | H15: Vr. Unitário | I15: 329
H16: Mês | I16: 1
H17: Desconto | I17: 0.2
A18: Auxílio Lanche | G18: CCT | H18: Vr. Unitário | I18: 0
H19: Dias | I19: 0
H20: Desconto | I20: 0
A21: Outros benefícios que refletem na planilha de custos, caso constem na CCT. | G21: CCT | H21: Valor mensal | I21: 0
A22: Outros | H22: Porcentagem | I22: Não aplicável
A23: Base de cálculo da insalubridade: Art. 1º, II, da Lei Estadual 16.040/2023. | H23: Valor | I23: 1610.13
A24: Quantitativo de horas trabalhadas em feriados no mês (estimado) - Não aplicável para postos 12x36 | H24: Horas por mês | I24: Não aplicável
H25: Acréscimo da hora extra | I25: Não aplicável
A26: Hora Intervalar (somente para postos 12x36, quando for o caso) | H26: Horas por mês | I26: Não aplicável
A27: Sem fornecimento de materiais ou apenas fornecimento de EPIs ou uniformes, utilizar 10%. Com fornecimento de materiais ou equipamentos, utilizar 20%. (Decreto 52.768/2015, alterado pelo Decreto 53.424/2017) | H27: Porcentagem | I27: 0.2
A29: MONTANTE A
A30: I | B30: Remuneração - Grupo I | H30: % | I30: Valor Mensal/unidade de serviço (R$)
A31: 1 | B31: Salário | H31: =I31/$I$40 -> 0.75133627 | I31: =IF(D6="12x36",I10,I10/H10*I5) -> 1946
A32: =A31+1 -> 2 | B32: Adicional Periculosidade 30% (Ver súmulas 364, 132 e 191 do TST) | H32: =I32/$I$40 -> 0 | I32: =IF(I9=30%,I31*I9,0) -> 0
A33: =A32+1 -> 3 | B33: Adicional Insalubridade 10% (Ver súmula 228 e 139 TST) | H33: =I33/$I$40 -> 0 | I33: =IF(I7=10%,I23*I7,0) -> 0
A34: =A33+1 -> 4 | B34: Adicional Insalubridade 20% (Ver súmula 228 e 139 TST) | H34: =I34/$I$40 -> 0 | I34: =IF(I7=20%,I23*I7,0) -> 0
A35: =A34+1 -> 5 | B35: Adicional Insalubridade 40% (Ver súmula 228 e 139 TST) | H35: =I35/$I$40 -> 0.24866373 | I35: =IF(I7=40%,I23*I7,0) -> 644.052
A36: =A35+1 -> 6 | B36: Outros | H36: =I36/$I$40 -> 0 | I36: =IF(I22="Não aplicável",0,I31*I22) -> 0
A37: =A36+1 -> 7 | B37: Feriados | H37: =I37/$I$40 -> 0 | I37: =IF(I24="Não aplicável",0,(I31+I32+I33+I34+I35+I36+I39)/I5*I24*(1+I25)) -> 0
A38: =A37+1 -> 8 | B38: DSR = número total das horas extras do mês / número de dias úteis X domingos e feriados do mês X valor da hora extra com acréscimo | H38: =I38/$I$40 -> 0 | I38: =IF(I24="Não aplicável",0,I24/I13*5*(I10/H10*(1+I25))) -> 0
A39: =A38+1 -> 9 | B39: =IF(D6="12x36","Para postos 12x36 os feriados são considerados compensados, conforme parágrafo único, Art. 59-A da CLT","Outros") -> Outros | H39: =I39/$I$40 -> 0 | I39: 0
A40: Total de Remuneração | H40: =SUM(H31:H39) -> 1 | I40: =SUM(I31:I39) -> 2590.052
A42: II | B42: Encargos Sociais - Grupo II: Obrigações Sociais | H42: % | I42: Valor Mensal/unidade de serviço (R$)
A43: 1 | B43: INSS (art. 22, inc. I, Lei nº 8.212/91) | H43: 0.2 | I43: =$I$40*H43 -> 518.0104
A44: 2 | B44: SESI ou SESC (art. 30, Lei nº 8.036/90) | H44: 0.015 | I44: =$I$40*H44 -> 38.85078
A45: 3 | B45: SENAI ou SENAC (Decreto-Lei nº 2.318/86) | H45: 0.01 | I45: =$I$40*H45 -> 25.90052
A46: 4 | B46: INCRA (art. 15I, Lei Complementar nº 011/71) | H46: 0.002 | I46: =$I$40*H46 -> 5.180104
A47: 5 | B47: SALÁRIO EDUCAÇÃO (art. , inc. I, Decreto nº 87.043/82) | H47: 0.025 | I47: =$I$40*H47 -> 64.7513
A48: 6 | B48: FGTS (art. 15, Lei nº 8.036/90) | H48: 0.08 | I48: =$I$40*H48 -> 207.20416
A49: 7 | B49: SEG. ACIDENTE DO TRABALHO 1%, 2% e 3% (art. 22, inc. II, alíneas "b" e "c", da Lei nº 8.212/91) | H49: 0.03 | I49: =$I$40*H49 -> 77.70156
A50: 8 | B50: SEBRAE (§ 3º, art. 8º, Lei nº 8.029/90) | H50: 0.006 | I50: =$I$40*H50 -> 15.540312
A51: Total do Grupo II | H51: =SUM(H43:H50) -> 0.368 | I51: =SUM(I43:I50) -> 953.13914
A52: Os percentuais para o SAT podem variar de 0,50% a 6,00% em função do Fator de Acidente Previdenciário (FAP), Decreto nº 6.957/2009
A53: Deverá obrigatoriamente acompanhar a proposta de preços e a planilha de custos e formação de preços a prova do Fator Acidentário de Prevenção – FAP por meio de impressão de consulta ao site do Ministério da Previdência Social (que pode ser obtido no endereço eletrônico http://www2.dataprev.gov.br/fap/fap.htm), independentemente de alteração da alíquota da parcela do Seguro Acidente de Trabalho disposta no Quadro II da referida planilha.
A54: III | B54: Encargos Sociais - Grupo III: Tempo Não Trabalhado | H54: % | I54: Valor Mensal/unidade de serviço (R$)
A55: 1 | B55: FÉRIAS GOZADAS + ADICIONAL DE FÉRIAS | H55: 0.119314 | I55: =$I$40*H55 -> 309.02946
A56: 2 | B56: FALTAS ABONADAS (3) | H56: 0.020479 | I56: =$I$40*H56 -> 53.041675
A57: 3 | B57: FALTAS LEGAIS (4) | H57: 0.012123 | I57: =$I$40*H57 -> 31.3992
A58: 4 | B58: LICENÇA MATERNIDADE | H58: 0.011436 | I58: =$I$40*H58 -> 29.619835
A59: 5 | B59: LICENÇA PATERNIDADE | H59: 0.000174 | I59: =$I$40*H59 -> 0.45066905
A60: 6 | B60: ACIDENTE DE TRABALHO | H60: 0.000442 | I60: =$I$40*H60 -> 1.144803
A61: 7 | B61: AVISO PRÉVIO TRABALHADO | H61: 0.000185 | I61: =$I$40*H61 -> 0.47915962
A62: 8 | B62: 13º SALÁRIO | H62: 0.09079 | I62: =$I$40*H62 -> 235.15082
A63: Total do Grupo III | H63: =SUM(H55:H62) -> 0.254943 | I63: =SUM(I55:I62) -> 660.31563
A64: (3) | B64: Faltas Justificadas por Auxílio Doença
A65: (4) | B65: Faltas Legais - Art. 473 CLT
A66: IV | B66: Encargos Sociais - Grupo IV: Indenizações | H66: % | I66: Valor Mensal/unidade de serviço (R$)
A67: 1 | B67: INDENIZAÇÕES | H67: 0.023627 | I67: =$I$40*H67 -> 61.195159
A68: 2 | B68: FGTS SOBRE INDENIZAÇÕES | H68: 0.001717 | I68: =$I$40*H68 -> 4.4471193
A69: 3 | B69: INDENIZAÇÃO COMPENSATÓRIA POR DEMISSÃO SEM JUSTA CAUSA | H69: 0.009451 | I69: =$I$40*H69 -> 24.478581
A70: Total do Grupo IV | H70: =SUM(H67:H69) -> 0.034795 | I70: =SUM(I67:I69) -> 90.120859
A72: V | B72: Encargos Sociais - Grupo V: Incidências | H72: % | I72: Valor Mensal/unidade de serviço (R$)
A73: 1 | B73: INCIDÊNCIA GRUPO II (Obrigações Sociais) X GRUPO III (Tempo Não Trabalhado) | H73: =(H51*H63) -> 0.093819024 | I73: =$I$40*H73 -> 242.99615
A74: Total do Grupo V | H74: =SUM(H73:H73) -> 0.093819024 | I74: =I73 -> 242.99615
A76: TOTAL DOS ENCAGOS SOCIAIS (II + III + IV + V) | H76: =H51+H63+H70+H74 -> 0.75155702 | I76: =I51+I63+I70+I74 -> 1946.5718
A78: VI | B78: Demais custos relativos à Norma Coletiva ou Disposições Legais - Grupo VI | H78: % | I78: Valor Mensal/unidade de serviço (R$)
A79: 1 | B79: Auxílio Alimentação | H79: =I79/$I$40 -> 0.10161958 | I79: =I96 -> 263.2
A80: 2 | B80: Auxílio Lanche | H80: =I80/$I$40 -> 0 | I80: =I92 -> 0
A81: 3 | B81: Vale-Transporte⁽⁵⁾ | H81: =I81/$I$40 -> 0.059002676 | I81: =I88 -> 152.82
A82: 4 | B82: Adicional Intervalar | H82: =I82/$I$40 -> 0 | I82: =IF(I26="Não aplicável",0,((I10/H10)*1.5*I26)) -> 0
A83: 5 | B83: Outros | H83: =I83/$I$40 -> 0 | I83: =IF(I21="Não aplicável",0,I21) -> 0
A84: Total do Grupo VI | H84: =SUM(H79:H83) -> 0.16062226 | I84: =SUM(I79:I83) -> 416.02
A85: (5) | B85: O valor do vale-transporte pode variar de acordo com o modal fornecido pelo empregador.
A86: MEMÓRIA DE CÁLCULO DO VALE TRANSPORTE
A87: Valor Unitário | C87: Dias de Trabalho | D87: Vale p/dia | E87: Custo total | F87: Base de cálculo | G87: Percentual de desconto | H87: Valor desconto | I87: Custo efetivo
A88: =I12 -> 4.8 | C88: =I13 -> 22 | D88: 2 | E88: =A88*C88*D88 -> 211.2 | F88: =I31 -> 1946 | G88: =I14 -> 0.03 | H88: =F88*G88 -> 58.38 | I88: =IF((E88-H88)>0,E88-H88,0) -> 152.82
A90: MEMÓRIA DE CÁLCULO DO VALE LANCHE
A91: Valor Unitário | C91: Dias por mês | D91: Vale p/dia | E91: Custo total | F91: Base de cálculo | G91: Percentual de desconto | H91: Valor desconto | I91: Custo efetivo
A92: =I18 -> 0 | C92: =I19 -> 0 | D92: 1 | E92: =A92*C92*D92 -> 0 | F92: =E92 -> 0 | G92: =I20 -> 0 | H92: =F92*G92 -> 0 | I92: =E92-H92 -> 0
A94: MEMÓRIA DE CÁLCULO DO VALE ALIMENTAÇÃO
A95: Valor Unitário | C95: Dias por mês | D95: Vale p/dia | E95: Custo total | F95: Base de cálculo | G95: Percentual de desconto | H95: =H87 -> Valor desconto | I95: Custo efetivo
A96: =I15 -> 329 | C96: =I16 -> 1 | D96: 1 | E96: =A96*C96*D96 -> 329 | F96: =E96 -> 329 | G96: =I17 -> 0.2 | H96: =F96*G96 -> 65.8 | I96: =E96-H96 -> 263.2
A98: TOTAL DO MONTANTE A (I + II + III+ IV + V +VI) | H98: =H40+H76+H84 -> 1.9121793 | I98: =I40+I76+I84 -> 4952.6438
A100: MONTANTE B
A101: I | B101: Despesas Diretas | H101: % | I101: Valor Mensal/unidade de serviço (R$)
A102: 1 | B102: Transporte (6) | H102: =I102/$I$113 -> 0 | I102: 0
A103: 2 | B103: Uniformes/EPI (6a) | H103: =I103/$I$113 -> 0 | I103: =IF(F111=10%,G111,0) -> 0
A104: 3 | B104: Seguro de vida | H104: =I104/$I$113 -> 0 | I104: 0
A105: 4 | B105: Materiais/Equipamentos | H105: =I105/$I$113 -> 0 | I105: 0
A106: 5 | B106: Mobilização (7) | H106: =I106/$I$113 -> 0 | I106: 0
A107: 6 | B107: Outros (especificar) | H107: =I107/$I$113 -> 0 | I107: 0
A108: Total de Despesas Diretas | H108: =H102+H103+H104+H105+H106+H107 -> 0 | I108: =SUM(I102:I107) -> 0
B109: (6) Somente será preenchido quando o licitante fornecer transporte próprio (6a) EPI - Equipamento de Proteção Individual (7) Tais custos de mobilização não são renováveis, devendo ser eliminados após o primeiro ano de contrato caso haja prorrogação
A111: LIMITE QUADRO I (Despesas Diretas) sobre Montante A (exceto Vale-transporte), conforme alíneas "b.2" e "b.3", Inc. II, art. 7º, do Decreto 52.768/2015, alterado pelo Decreto 53.424/2017: 10% SEM MATERIAIS/EQUIPAMENTOS; 20% COM MATERIAIS/EQUIPAMENTOS | F111: =I27 -> 0.2 | G111: =I113*F111 -> 959.96475 | H111: Dedução Vale Transporte | I111: =I81 -> 152.82
...

Sheet Hidráulico - 40h POA
A1: PLANILHA DE CUSTOS E FORMAÇÃO DE PREÇOS DE SERVIÇOS CONTINUADOS COM DEDICAÇÃO EXCLUSIVA DE MÃO DE OBRA (ANEXO III - DECRETO 52.768 de 15.12.2015)
A2: PROCESSO: | C2: 23/2000-0038457-5 | E2: REGIME DE TRIBUTAÇÃO: LUCRO REAL
A3: LICITAÇÃO/EDITAL | E3: ABERTURA:
A5: Cargo/Função: | D5: Instalador Hidráulico | G5: =IF(D6="12x36","Regime de trabalho:","Quantidade de HORAS/MÊS") -> Quantidade de HORAS/MÊS | I5: =IF(D6="12x36",D6,5*D6) -> 200
A6: =IF(D6="12x36","Regime de trabalho:","Regime de trabalho (horas semanais):") -> Regime de trabalho (horas semanais): | D6: 40
A7: Convenção Coletiva de Trabalho: | D7: RS003659/2023 | G7: INSALUBRIDADE (10%, 20%, 40%) | I7: 0.4
A8: Origem do salário: | D8: CCT
A9: Cidade: | D9: Porto Alegre | G9: PERICULOSIDADE (30%) | I9: Não aplicável
A10: Salário Normativo | G10: Vlr. do salário e nº de horas correspondentes | H10: 220 | I10: 2162.6
A11: ISS | G11: =D9 -> Porto Alegre | H11: Alíquota | I11: 0.05
A12: Tarifa Transporte | G12: CCT | H12: Vr. Unitário | I12: 4.8
H13: Dias | I13: 22
H14: Desconto | I14: 0.03
A15: Auxílio Alimentação: Claúsula 14ª da CCT. | G15: CCT | H15: Vr. Unitário | I15: 235
H16: Mês | I16: 1
H17: Desconto | I17: 0.15
A18: Auxílio Lanche | G18: CCT | H18: Vr. Unitário | I18: 0
H19: Dias | I19: 0
H20: Desconto | I20: 0
A21: Outros benefícios que refletem na planilha de custos, caso constem na CCT. | G21: CCT | H21: Valor mensal | I21: 0
A22: Outros | H22: Porcentagem | I22: Não aplicável
A23: Base de cálculo da insalubridade: salário mínimo nacional, conforme Claúsula 13ª da CCT. | H23: Valor | I23: 1412
A24: Quantitativo de horas trabalhadas em feriados no mês (estimado) - Não aplicável para postos 12x36 | H24: Horas por mês | I24: Não aplicável
H25: Acréscimo da hora extra | I25: Não aplicável
A26: Hora Intervalar (somente para postos 12x36, quando for o caso) | H26: Horas por mês | I26: Não aplicável
A27: Sem fornecimento de materiais ou apenas fornecimento de EPIs ou uniformes, utilizar 10%. Com fornecimento de materiais ou equipamentos, utilizar 20%. (Decreto 52.768/2015, alterado pelo Decreto 53.424/2017) | H27: Porcentagem | I27: 0.2
A29: MONTANTE A
A30: I | B30: Remuneração - Grupo I | H30: % | I30: Valor Mensal/unidade de serviço (R$)
A31: 1 | B31: Salário | H31: =I31/$I$40 -> 0.77682946 | I31: =IF(D6="12x36",I10,I10/H10*I5) -> 1966
A32: =A31+1 -> 2 | B32: Adicional Periculosidade 30% (Ver súmulas 364, 132 e 191 do TST) | H32: =I32/$I$40 -> 0 | I32: =IF(I9=30%,I31*I9,0) -> 0
A33: =A32+1 -> 3 | B33: Adicional Insalubridade 10% (Ver súmula 228 e 139 TST) | H33: =I33/$I$40 -> 0 | I33: =IF(I7=10%,I23*I7,0) -> 0
A34: =A33+1 -> 4 | B34: Adicional Insalubridade 20% (Ver súmula 228 e 139 TST) | H34: =I34/$I$40 -> 0 | I34: =IF(I7=20%,I23*I7,0) -> 0
A35: =A34+1 -> 5 | B35: Adicional Insalubridade 40% (Ver súmula 228 e 139 TST) | H35: =I35/$I$40 -> 0.22317054 | I35: =IF(I7=40%,I23*I7,0) -> 564.8
A36: =A35+1 -> 6 | B36: Outros | H36: =I36/$I$40 -> 0 | I36: =IF(I22="Não aplicável",0,I31*I22) -> 0
A37: =A36+1 -> 7 | B37: Feriados | H37: =I37/$I$40 -> 0 | I37: =IF(I24="Não aplicável",0,(I31+I32+I33+I34+I35+I36+I39)/I5*I24*(1+I25)) -> 0
A38: =A37+1 -> 8 | B38: DSR = número total das horas extras do mês / número de dias úteis X domingos e feriados do mês X valor da hora extra com acréscimo | H38: =I38/$I$40 -> 0 | I38: =IF(I24="Não aplicável",0,I24/I13*5*(I10/H10*(1+I25))) -> 0
A39: =A38+1 -> 9 | B39: =IF(D6="12x36","Para postos 12x36 os feriados são considerados compensados, conforme parágrafo único, Art. 59-A da CLT","Outros") -> Outros | H39: =I39/$I$40 -> 0 | I39: 0
A40: Total de Remuneração | H40: =SUM(H31:H39) -> 1 | I40: =SUM(I31:I39) -> 2530.8
A42: II | B42: Encargos Sociais - Grupo II: Obrigações Sociais | H42: % | I42: Valor Mensal/unidade de serviço (R$)
A43: 1 | B43: INSS (art. 22, inc. I, Lei nº 8.212/91) | H43: 0.2 | I43: =$I$40*H43 -> 506.16
A44: 2 | B44: SESI ou SESC (art. 30, Lei nº 8.036/90) | H44: 0.015 | I44: =$I$40*H44 -> 37.962
A45: 3 | B45: SENAI ou SENAC (Decreto-Lei nº 2.318/86) | H45: 0.01 | I45: =$I$40*H45 -> 25.308
A46: 4 | B46: INCRA (art. 15I, Lei Complementar nº 011/71) | H46: 0.002 | I46: =$I$40*H46 -> 5.0616
A47: 5 | B47: SALÁRIO EDUCAÇÃO (art. , inc. I, Decreto nº 87.043/82) | H47: 0.025 | I47: =$I$40*H47 -> 63.27
A48: 6 | B48: FGTS (art. 15, Lei nº 8.036/90) | H48: 0.08 | I48: =$I$40*H48 -> 202.464
A49: 7 | B49: SEG. ACIDENTE DO TRABALHO 1%, 2% e 3% (art. 22, inc. II, alíneas "b" e "c", da Lei nº 8.212/91) | H49: 0.03 | I49: =$I$40*H49 -> 75.924
A50: 8 | B50: SEBRAE (§ 3º, art. 8º, Lei nº 8.029/90) | H50: 0.006 | I50: =$I$40*H50 -> 15.1848
A51: Total do Grupo II | H51: =SUM(H43:H50) -> 0.368 | I51: =SUM(I43:I50) -> 931.3344
A52: Os percentuais para o SAT podem variar de 0,50% a 6,00% em função do Fator de Acidente Previdenciário (FAP), Decreto nº 6.957/2009
A53: Deverá obrigatoriamente acompanhar a proposta de preços e a planilha de custos e formação de preços a prova do Fator Acidentário de Prevenção – FAP por meio de impressão de consulta ao site do Ministério da Previdência Social (que pode ser obtido no endereço eletrônico http://www2.dataprev.gov.br/fap/fap.htm), independentemente de alteração da alíquota da parcela do Seguro Acidente de Trabalho disposta no Quadro II da referida planilha.
A54: III | B54: Encargos Sociais - Grupo III: Tempo Não Trabalhado | H54: % | I54: Valor Mensal/unidade de serviço (R$)
A55: 1 | B55: FÉRIAS GOZADAS + ADICIONAL DE FÉRIAS | H55: 0.119314 | I55: =$I$40*H55 -> 301.95987
A56: 2 | B56: FALTAS ABONADAS (3) | H56: 0.020479 | I56: =$I$40*H56 -> 51.828253
A57: 3 | B57: FALTAS LEGAIS (4) | H57: 0.012123 | I57: =$I$40*H57 -> 30.680888
A58: 4 | B58: LICENÇA MATERNIDADE | H58: 0.011436 | I58: =$I$40*H58 -> 28.942229
A59: 5 | B59: LICENÇA PATERNIDADE | H59: 0.000174 | I59: =$I$40*H59 -> 0.4403592
A60: 6 | B60: ACIDENTE DE TRABALHO | H60: 0.000442 | I60: =$I$40*H60 -> 1.1186136
A61: 7 | B61: AVISO PRÉVIO TRABALHADO | H61: 0.000185 | I61: =$I$40*H61 -> 0.468198
A62: 8 | B62: 13º SALÁRIO | H62: 0.09079 | I62: =$I$40*H62 -> 229.77133
A63: Total do Grupo III | H63: =SUM(H55:H62) -> 0.254943 | I63: =SUM(I55:I62) -> 645.20974
A64: (3) | B64: Faltas Justificadas por Auxílio Doença
A65: (4) | B65: Faltas Legais - Art. 473 CLT
A66: IV | B66: Encargos Sociais - Grupo IV: Indenizações | H66: % | I66: Valor Mensal/unidade de serviço (R$)
A67: 1 | B67: INDENIZAÇÕES | H67: 0.023627 | I67: =$I$40*H67 -> 59.795212
A68: 2 | B68: FGTS SOBRE INDENIZAÇÕES | H68: 0.001717 | I68: =$I$40*H68 -> 4.3453836
A69: 3 | B69: INDENIZAÇÃO COMPENSATÓRIA POR DEMISSÃO SEM JUSTA CAUSA | H69: 0.009451 | I69: =$I$40*H69 -> 23.918591
A70: Total do Grupo IV | H70: =SUM(H67:H69) -> 0.034795 | I70: =SUM(I67:I69) -> 88.059186
A72: V | B72: Encargos Sociais - Grupo V: Incidências | H72: % | I72: Valor Mensal/unidade de serviço (R$)
A73: 1 | B73: INCIDÊNCIA GRUPO II (Obrigações Sociais) X GRUPO III (Tempo Não Trabalhado) | H73: =(H51*H63) -> 0.093819024 | I73: =$I$40*H73 -> 237.43719
A74: Total do Grupo V | H74: =SUM(H73:H73) -> 0.093819024 | I74: =I73 -> 237.43719
A76: TOTAL DOS ENCAGOS SOCIAIS (II + III + IV + V) | H76: =H51+H63+H70+H74 -> 0.75155702 | I76: =I51+I63+I70+I74 -> 1902.0405
A78: VI | B78: Demais custos relativos à Norma Coletiva ou Disposições Legais - Grupo VI | H78: % | I78: Valor Mensal/unidade de serviço (R$)
A79: 1 | B79: Auxílio Alimentação | H79: =I79/$I$40 -> 0.078927612 | I79: =I96 -> 199.75
A80: 2 | B80: Auxílio Lanche | H80: =I80/$I$40 -> 0 | I80: =I92 -> 0
A81: 3 | B81: Vale-Transporte⁽⁵⁾ | H81: =I81/$I$40 -> 0.060146989 | I81: =I88 -> 152.22
A82: 4 | B82: Adicional Intervalar | H82: =I82/$I$40 -> 0 | I82: =IF(I26="Não aplicável",0,((I10/H10)*1.5*I26)) -> 0
A83: 5 | B83: Outros | H83: =I83/$I$40 -> 0 | I83: =IF(I21="Não aplicável",0,I21) -> 0
A84: Total do Grupo VI | H84: =SUM(H79:H83) -> 0.1390746 | I84: =SUM(I79:I83) -> 351.97
A85: (5) | B85: O valor do vale-transporte pode variar de acordo com o modal fornecido pelo empregador.
A86: MEMÓRIA DE CÁLCULO DO VALE TRANSPORTE
A87: Valor Unitário | C87: Dias de Trabalho | D87: Vale p/dia | E87: Custo total | F87: Base de cálculo | G87: Percentual de desconto | H87: Valor desconto | I87: Custo efetivo
A88: =I12 -> 4.8 | C88: =I13 -> 22 | D88: 2 | E88: =A88*C88*D88 -> 211.2 | F88: =I31 -> 1966 | G88: =I14 -> 0.03 | H88: =F88*G88 -> 58.98 | I88: =IF((E88-H88)>0,E88-H88,0) -> 152.22
A90: MEMÓRIA DE CÁLCULO DO VALE LANCHE
A91: Valor Unitário | C91: Dias por mês | D91: Vale p/dia | E91: Custo total | F91: Base de cálculo | G91: Percentual de desconto | H91: Valor desconto | I91: Custo efetivo
A92: =I18 -> 0 | C92: =I19 -> 0 | D92: 1 | E92: =A92*C92*D92 -> 0 | F92: =E92 -> 0 | G92: =I20 -> 0 | H92: =F92*G92 -> 0 | I92: =E92-H92 -> 0
A94: MEMÓRIA DE CÁLCULO DO VALE ALIMENTAÇÃO
A95: Valor Unitário | C95: Dias por mês | D95: Vale p/dia | E95: Custo total | F95: Base de cálculo | G95: Percentual de desconto | H95: =H87 -> Valor desconto | I95: Custo efetivo
A96: =I15 -> 235 | C96: =I16 -> 1 | D96: 1 | E96: =A96*C96*D96 -> 235 | F96: =E96 -> 235 | G96: =I17 -> 0.15 | H96: =F96*G96 -> 35.25 | I96: =E96-H96 -> 199.75
A98: TOTAL DO MONTANTE A (I + II + III+ IV + V +VI) | H98: =H40+H76+H84 -> 1.8906316 | I98: =I40+I76+I84 -> 4784.8105
A100: MONTANTE B
A101: I | B101: Despesas Diretas | H101: % | I101: Valor Mensal/unidade de serviço (R$)
A102: 1 | B102: Transporte (6) | H102: =I102/$I$113 -> 0 | I102: 0
A103: 2 | B103: Uniformes/EPI (6a) | H103: =I103/$I$113 -> 0 | I103: =IF(F111=10%,G111,0) -> 0
A104: 3 | B104: Seguro de vida | H104: =I104/$I$113 -> 0 | I104: 0
A105: 4 | B105: Materiais/Equipamentos | H105: =I105/$I$113 -> 0 | I105: 0
A106: 5 | B106: Mobilização (7) | H106: =I106/$I$113 -> 0 | I106: 0
A107: 6 | B107: Outros (especificar) | H107: =I107/$I$113 -> 0 | I107: 0
A108: Total de Despesas Diretas | H108: =H102+H103+H104+H105+H106+H107 -> 0 | I108: =SUM(I102:I107) -> 0
B109: (6) Somente será preenchido quando o licitante fornecer transporte próprio (6a) EPI - Equipamento de Proteção Individual (7) Tais custos de mobilização não são renováveis, devendo ser eliminados após o primeiro ano de contrato caso haja prorrogação
A111: LIMITE QUADRO I (Despesas Diretas) sobre Montante A (exceto Vale-transporte), conforme alíneas "b.2" e "b.3", Inc. II, art. 7º, do Decreto 52.768/2015, alterado pelo Decreto 53.424/2017: 10% SEM MATERIAIS/EQUIPAMENTOS; 20% COM MATERIAIS/EQUIPAMENTOS | F111: =I27 -> 0.2 | G111: =I113*F111 -> 926.5181 | H111: Dedução Vale Transporte | I111: =I81 -> 152.22
...

Sheet Eletricista - 40h POA
A1: PLANILHA DE CUSTOS E FORMAÇÃO DE PREÇOS DE SERVIÇOS CONTINUADOS COM DEDICAÇÃO EXCLUSIVA DE MÃO DE OBRA (ANEXO III - DECRETO 52.768 de 15.12.2015)
A2: PROCESSO: | C2: 23/2000-0038457-5 | E2: REGIME DE TRIBUTAÇÃO: LUCRO REAL
A3: LICITAÇÃO/EDITAL | E3: ABERTURA:
A5: Cargo/Função: | D5: Eletricista | G5: =IF(D6="12x36","Regime de trabalho:","Quantidade de HORAS/MÊS") -> Quantidade de HORAS/MÊS | I5: =IF(D6="12x36",D6,5*D6) -> 200
A6: =IF(D6="12x36","Regime de trabalho:","Regime de trabalho (horas semanais):") -> Regime de trabalho (horas semanais): | D6: 40
A7: Convenção Coletiva de Trabalho: | D7: RS003360/2023 | G7: INSALUBRIDADE (10%, 20%, 40%) | I7: 0.4
A8: Origem do salário: | D8: CCT
A9: Cidade: | D9: Porto Alegre | G9: PERICULOSIDADE (30%) | I9: Não aplicável
A10: Salário Normativo | G10: Vlr. do salário e nº de horas correspondentes | H10: 220 | I10: 2162.6
A11: ISS | G11: =D9 -> Porto Alegre | H11: Alíquota | I11: 0.05
A12: Tarifa Transporte | G12: CCT | H12: Vr. Unitário | I12: 4.8
H13: Dias | I13: 22
H14: Desconto | I14: 0.03
A15: Auxílio Alimentação: Cláusula 14ª da CCT. | G15: CCT | H15: Vr. Unitário | I15: 235
H16: Mês | I16: 1
H17: Desconto | I17: 0.15
A18: Auxílio Lanche | G18: CCT | H18: Vr. Unitário | I18: 0
H19: Dias | I19: 0
H20: Desconto | I20: 0
A21: Outros benefícios que refletem na planilha de custos, caso constem na CCT. | G21: CCT | H21: Valor mensal | I21: 0
A22: Outros | H22: Porcentagem | I22: Não aplicável
A23: Base de cálculo da insalubridade: salário mínimo nacional, conforme Cláusula 13ª da CCT. | H23: Valor | I23: 1412
A24: Quantitativo de horas trabalhadas em feriados no mês (estimado) - Não aplicável para postos 12x36 | H24: Horas por mês | I24: Não aplicável
H25: Acréscimo da hora extra | I25: Não aplicável
A26: Hora Intervalar (somente para postos 12x36, quando for o caso) | H26: Horas por mês | I26: Não aplicável
A27: Sem fornecimento de materiais ou apenas fornecimento de EPIs ou uniformes, utilizar 10%. Com fornecimento de materiais ou equipamentos, utilizar 20%. (Decreto 52.768/2015, alterado pelo Decreto 53.424/2017) | H27: Porcentagem | I27: 0.2
A29: MONTANTE A
A30: I | B30: Remuneração - Grupo I | H30: % | I30: Valor Mensal/unidade de serviço (R$)
A31: 1 | B31: Salário | H31: =I31/$I$40 -> 0.77682946 | I31: =IF(D6="12x36",I10,I10/H10*I5) -> 1966
A32: =A31+1 -> 2 | B32: Adicional Periculosidade 30% (Ver súmulas 364, 132 e 191 do TST) | H32: =I32/$I$40 -> 0 | I32: =IF(I9=30%,I31*I9,0) -> 0
A33: =A32+1 -> 3 | B33: Adicional Insalubridade 10% (Ver súmula 228 e 139 TST) | H33: =I33/$I$40 -> 0 | I33: =IF(I7=10%,I23*I7,0) -> 0
A34: =A33+1 -> 4 | B34: Adicional Insalubridade 20% (Ver súmula 228 e 139 TST) | H34: =I34/$I$40 -> 0 | I34: =IF(I7=20%,I23*I7,0) -> 0
A35: =A34+1 -> 5 | B35: Adicional Insalubridade 40% (Ver súmula 228 e 139 TST) | H35: =I35/$I$40 -> 0.22317054 | I35: =IF(I7=40%,I23*I7,0) -> 564.8
A36: =A35+1 -> 6 | B36: Outros | H36: =I36/$I$40 -> 0 | I36: =IF(I22="Não aplicável",0,I31*I22) -> 0
A37: =A36+1 -> 7 | B37: Feriados | H37: =I37/$I$40 -> 0 | I37: =IF(I24="Não aplicável",0,(I31+I32+I33+I34+I35+I36+I39)/I5*I24*(1+I25)) -> 0
A38: =A37+1 -> 8 | B38: DSR = número total das horas extras do mês / número de dias úteis X domingos e feriados do mês X valor da hora extra com acréscimo | H38: =I38/$I$40 -> 0 | I38: =IF(I24="Não aplicável",0,I24/I13*5*(I10/H10*(1+I25))) -> 0
A39: =A38+1 -> 9 | B39: =IF(D6="12x36","Para postos 12x36 os feriados são considerados compensados, conforme parágrafo único, Art. 59-A da CLT","Outros") -> Outros | H39: =I39/$I$40 -> 0 | I39: 0
A40: Total de Remuneração | H40: =SUM(H31:H39) -> 1 | I40: =SUM(I31:I39) -> 2530.8
A42: II | B42: Encargos Sociais - Grupo II: Obrigações Sociais | H42: % | I42: Valor Mensal/unidade de serviço (R$)
A43: 1 | B43: INSS (art. 22, inc. I, Lei nº 8.212/91) | H43: 0.2 | I43: =$I$40*H43 -> 506.16
A44: 2 | B44: SESI ou SESC (art. 30, Lei nº 8.036/90) | H44: 0.015 | I44: =$I$40*H44 -> 37.962
A45: 3 | B45: SENAI ou SENAC (Decreto-Lei nº 2.318/86) | H45: 0.01 | I45: =$I$40*H45 -> 25.308
A46: 4 | B46: INCRA (art. 15I, Lei Complementar nº 011/71) | H46: 0.002 | I46: =$I$40*H46 -> 5.0616
A47: 5 | B47: SALÁRIO EDUCAÇÃO (art. , inc. I, Decreto nº 87.043/82) | H47: 0.025 | I47: =$I$40*H47 -> 63.27
A48: 6 | B48: FGTS (art. 15, Lei nº 8.036/90) | H48: 0.08 | I48: =$I$40*H48 -> 202.464
A49: 7 | B49: SEG. ACIDENTE DO TRABALHO 1%, 2% e 3% (art. 22, inc. II, alíneas "b" e "c", da Lei nº 8.212/91) | H49: 0.03 | I49: =$I$40*H49 -> 75.924
A50: 8 | B50: SEBRAE (§ 3º, art. 8º, Lei nº 8.029/90) | H50: 0.006 | I50: =$I$40*H50 -> 15.1848
A51: Total do Grupo II | H51: =SUM(H43:H50) -> 0.368 | I51: =SUM(I43:I50) -> 931.3344
A52: Os percentuais para o SAT podem variar de 0,50% a 6,00% em função do Fator de Acidente Previdenciário (FAP), Decreto nº 6.957/2009
A53: Deverá obrigatoriamente acompanhar a proposta de preços e a planilha de custos e formação de preços a prova do Fator Acidentário de Prevenção – FAP por meio de impressão de consulta ao site do Ministério da Previdência Social (que pode ser obtido no endereço eletrônico http://www2.dataprev.gov.br/fap/fap.htm), independentemente de alteração da alíquota da parcela do Seguro Acidente de Trabalho disposta no Quadro II da referida planilha.
A54: III | B54: Encargos Sociais - Grupo III: Tempo Não Trabalhado | H54: % | I54: Valor Mensal/unidade de serviço (R$)
A55: 1 | B55: FÉRIAS GOZADAS + ADICIONAL DE FÉRIAS | H55: 0.119314 | I55: =$I$40*H55 -> 301.95987
A56: 2 | B56: FALTAS ABONADAS (3) | H56: 0.020479 | I56: =$I$40*H56 -> 51.828253
A57: 3 | B57: FALTAS LEGAIS (4) | H57: 0.012123 | I57: =$I$40*H57 -> 30.680888
A58: 4 | B58: LICENÇA MATERNIDADE | H58: 0.011436 | I58: =$I$40*H58 -> 28.942229
A59: 5 | B59: LICENÇA PATERNIDADE | H59: 0.000174 | I59: =$I$40*H59 -> 0.4403592
A60: 6 | B60: ACIDENTE DE TRABALHO | H60: 0.000442 | I60: =$I$40*H60 -> 1.1186136
A61: 7 | B61: AVISO PRÉVIO TRABALHADO | H61: 0.000185 | I61: =$I$40*H61 -> 0.468198
A62: 8 | B62: 13º SALÁRIO | H62: 0.09079 | I62: =$I$40*H62 -> 229.77133
A63: Total do Grupo III | H63: =SUM(H55:H62) -> 0.254943 | I63: =SUM(I55:I62) -> 645.20974
A64: (3) | B64: Faltas Justificadas por Auxílio Doença
A65: (4) | B65: Faltas Legais - Art. 473 CLT
A66: IV | B66: Encargos Sociais - Grupo IV: Indenizações | H66: % | I66: Valor Mensal/unidade de serviço (R$)
A67: 1 | B67: INDENIZAÇÕES | H67: 0.023627 | I67: =$I$40*H67 -> 59.795212
A68: 2 | B68: FGTS SOBRE INDENIZAÇÕES | H68: 0.001717 | I68: =$I$40*H68 -> 4.3453836
A69: 3 | B69: INDENIZAÇÃO COMPENSATÓRIA POR DEMISSÃO SEM JUSTA CAUSA | H69: 0.009451 | I69: =$I$40*H69 -> 23.918591
A70: Total do Grupo IV | H70: =SUM(H67:H69) -> 0.034795 | I70: =SUM(I67:I69) -> 88.059186
A72: V | B72: Encargos Sociais - Grupo V: Incidências | H72: % | I72: Valor Mensal/unidade de serviço (R$)
A73: 1 | B73: INCIDÊNCIA GRUPO II (Obrigações Sociais) X GRUPO III (Tempo Não Trabalhado) | H73: =(H51*H63) -> 0.093819024 | I73: =$I$40*H73 -> 237.43719
A74: Total do Grupo V | H74: =SUM(H73:H73) -> 0.093819024 | I74: =I73 -> 237.43719
A76: TOTAL DOS ENCAGOS SOCIAIS (II + III + IV + V) | H76: =H51+H63+H70+H74 -> 0.75155702 | I76: =I51+I63+I70+I74 -> 1902.0405
A78: VI | B78: Demais custos relativos à Norma Coletiva ou Disposições Legais - Grupo VI | H78: % | I78: Valor Mensal/unidade de serviço (R$)
A79: 1 | B79: Auxílio Alimentação | H79: =I79/$I$40 -> 0.078927612 | I79: =I96 -> 199.75
A80: 2 | B80: Auxílio Lanche | H80: =I80/$I$40 -> 0 | I80: =I92 -> 0
A81: 3 | B81: Vale-Transporte⁽⁵⁾ | H81: =I81/$I$40 -> 0.060146989 | I81: =I88 -> 152.22
A82: 4 | B82: Adicional Intervalar | H82: =I82/$I$40 -> 0 | I82: =IF(I26="Não aplicável",0,((I10/H10)*1.5*I26)) -> 0
A83: 5 | B83: Outros | H83: =I83/$I$40 -> 0 | I83: =IF(I21="Não aplicável",0,I21) -> 0
A84: Total do Grupo VI | H84: =SUM(H79:H83) -> 0.1390746 | I84: =SUM(I79:I83) -> 351.97
A85: (5) | B85: O valor do vale-transporte pode variar de acordo com o modal fornecido pelo empregador.
A86: MEMÓRIA DE CÁLCULO DO VALE TRANSPORTE
A87: Valor Unitário | C87: Dias de Trabalho | D87: Vale p/dia | E87: Custo total | F87: Base de cálculo | G87: Percentual de desconto | H87: Valor desconto | I87: Custo efetivo
A88: =I12 -> 4.8 | C88: =I13 -> 22 | D88: 2 | E88: =A88*C88*D88 -> 211.2 | F88: =I31 -> 1966 | G88: =I14 -> 0.03 | H88: =F88*G88 -> 58.98 | I88: =IF((E88-H88)>0,E88-H88,0) -> 152.22
A90: MEMÓRIA DE CÁLCULO DO VALE LANCHE
A91: Valor Unitário | C91: Dias por mês | D91: Vale p/dia | E91: Custo total | F91: Base de cálculo | G91: Percentual de desconto | H91: Valor desconto | I91: Custo efetivo
A92: =I18 -> 0 | C92: =I19 -> 0 | D92: 1 | E92: =A92*C92*D92 -> 0 | F92: =E92 -> 0 | G92: =I20 -> 0 | H92: =F92*G92 -> 0 | I92: =E92-H92 -> 0
A94: MEMÓRIA DE CÁLCULO DO VALE ALIMENTAÇÃO
A95: Valor Unitário | C95: Dias por mês | D95: Vale p/dia | E95: Custo total | F95: Base de cálculo | G95: Percentual de desconto | H95: =H87 -> Valor desconto | I95: Custo efetivo
A96: =I15 -> 235 | C96: =I16 -> 1 | D96: 1 | E96: =A96*C96*D96 -> 235 | F96: =E96 -> 235 | G96: =I17 -> 0.15 | H96: =F96*G96 -> 35.25 | I96: =E96-H96 -> 199.75
A98: TOTAL DO MONTANTE A (I + II + III+ IV + V +VI) | H98: =H40+H76+H84 -> 1.8906316 | I98: =I40+I76+I84 -> 4784.8105
A100: MONTANTE B
A101: I | B101: Despesas Diretas | H101: % | I101: Valor Mensal/unidade de serviço (R$)
A102: 1 | B102: Transporte (6) | H102: =I102/$I$113 -> 0 | I102: 0
A103: 2 | B103: Uniformes/EPI (6a) | H103: =I103/$I$113 -> 0 | I103: =IF(F111=10%,G111,0) -> 0
A104: 3 | B104: Seguro de vida | H104: =I104/$I$113 -> 0 | I104: 0
A105: 4 | B105: Materiais/Equipamentos | H105: =I105/$I$113 -> 0 | I105: 0
A106: 5 | B106: Mobilização (7) | H106: =I106/$I$113 -> 0 | I106: 0
A107: 6 | B107: Outros (especificar) | H107: =I107/$I$113 -> 0 | I107: 0
A108: Total de Despesas Diretas | H108: =H102+H103+H104+H105+H106+H107 -> 0 | I108: =SUM(I102:I107) -> 0
B109: (6) Somente será preenchido quando o licitante fornecer transporte próprio (6a) EPI - Equipamento de Proteção Individual (7) Tais custos de mobilização não são renováveis, devendo ser eliminados após o primeiro ano de contrato caso haja prorrogação
A111: LIMITE QUADRO I (Despesas Diretas) sobre Montante A (exceto Vale-transporte), conforme alíneas "b.2" e "b.3", Inc. II, art. 7º, do Decreto 52.768/2015, alterado pelo Decreto 53.424/2017: 10% SEM MATERIAIS/EQUIPAMENTOS; 20% COM MATERIAIS/EQUIPAMENTOS | F111: =I27 -> 0.2 | G111: =I113*F111 -> 926.5181 | H111: Dedução Vale Transporte | I111: =I81 -> 152.22
...

Sheet Servente - 40h POA
A1: PLANILHA DE CUSTOS E FORMAÇÃO DE PREÇOS DE SERVIÇOS CONTINUADOS COM DEDICAÇÃO EXCLUSIVA DE MÃO DE OBRA (ANEXO III - DECRETO 52.768 de 15.12.2015)
A2: PROCESSO: | C2: 23/2000-0038457-5 | E2: REGIME DE TRIBUTAÇÃO: LUCRO REAL
A3: LICITAÇÃO/EDITAL | E3: ABERTURA:
A5: Cargo/Função: | D5: Servente | G5: =IF(D6="12x36","Regime de trabalho:","Quantidade de HORAS/MÊS") -> Quantidade de HORAS/MÊS | I5: =IF(D6="12x36",D6,5*D6) -> 200
A6: =IF(D6="12x36","Regime de trabalho:","Regime de trabalho (horas semanais):") -> Regime de trabalho (horas semanais): | D6: 40
A7: Convenção Coletiva de Trabalho: | D7: RS003085/2023 | G7: INSALUBRIDADE (10%, 20%, 40%) | I7: 0.4
A8: Origem do salário: | D8: CCT
A9: Cidade: | D9: Porto Alegre | G9: PERICULOSIDADE (30%) | I9: Não aplicável
A10: Salário Normativo | G10: Vlr. do salário e nº de horas correspondentes | H10: 220 | I10: 1683
A11: ISS | G11: =D9 -> Porto Alegre | H11: Alíquota | I11: 0.05
A12: Tarifa Transporte | G12: CCT | H12: Vr. Unitário | I12: 4.8
H13: Dias | I13: 22
H14: Desconto | I14: 0.03
A15: Auxílio Alimentação | G15: CCT | H15: Vr. Unitário | I15: 329
H16: Mês | I16: 1
H17: Desconto | I17: 0.2
A18: Auxílio Lanche | G18: CCT | H18: Vr. Unitário | I18: 0
H19: Dias | I19: 0
H20: Desconto | I20: 0
A21: Outros benefícios que refletem na planilha de custos, caso constem na CCT. | G21: CCT | H21: Valor mensal | I21: 0
A22: Outros | H22: Porcentagem | I22: Não aplicável
A23: Base de cálculo da insalubridade: Art. 1º, II, da Lei Estadual 16.040/2023. | H23: Valor | I23: 1610.13
A24: Quantitativo de horas trabalhadas em feriados no mês (estimado) - Não aplicável para postos 12x36 | H24: Horas por mês | I24: Não aplicável
H25: Acréscimo da hora extra | I25: Não aplicável
A26: Hora Intervalar (somente para postos 12x36, quando for o caso) | H26: Horas por mês | I26: Não aplicável
A27: Sem fornecimento de materiais ou apenas fornecimento de EPIs ou uniformes, utilizar 10%. Com fornecimento de materiais ou equipamentos, utilizar 20%. (Decreto 52.768/2015, alterado pelo Decreto 53.424/2017) | H27: Porcentagem | I27: 0.2
A29: MONTANTE A
A30: I | B30: Remuneração - Grupo I | H30: % | I30: Valor Mensal/unidade de serviço (R$)
A31: 1 | B31: Salário | H31: =I31/$I$40 -> 0.70375502 | I31: =IF(D6="12x36",I10,I10/H10*I5) -> 1530
A32: =A31+1 -> 2 | B32: Adicional Periculosidade 30% (Ver súmulas 364, 132 e 191 do TST) | H32: =I32/$I$40 -> 0 | I32: =IF(I9=30%,I31*I9,0) -> 0
A33: =A32+1 -> 3 | B33: Adicional Insalubridade 10% (Ver súmula 228 e 139 TST) | H33: =I33/$I$40 -> 0 | I33: =IF(I7=10%,I23*I7,0) -> 0
A34: =A33+1 -> 4 | B34: Adicional Insalubridade 20% (Ver súmula 228 e 139 TST) | H34: =I34/$I$40 -> 0 | I34: =IF(I7=20%,I23*I7,0) -> 0
A35: =A34+1 -> 5 | B35: Adicional Insalubridade 40% (Ver súmula 228 e 139 TST) | H35: =I35/$I$40 -> 0.29624498 | I35: =IF(I7=40%,I23*I7,0) -> 644.052
A36: =A35+1 -> 6 | B36: Outros | H36: =I36/$I$40 -> 0 | I36: =IF(I22="Não aplicável",0,I31*I22) -> 0
A37: =A36+1 -> 7 | B37: Feriados | H37: =I37/$I$40 -> 0 | I37: =IF(I24="Não aplicável",0,(I31+I32+I33+I34+I35+I36+I39)/I5*I24*(1+I25)) -> 0
A38: =A37+1 -> 8 | B38: DSR = número total das horas extras do mês / número de dias úteis X domingos e feriados do mês X valor da hora extra com acréscimo | H38: =I38/$I$40 -> 0 | I38: =IF(I24="Não aplicável",0,I24/I13*5*(I10/H10*(1+I25))) -> 0
A39: =A38+1 -> 9 | B39: =IF(D6="12x36","Para postos 12x36 os feriados são considerados compensados, conforme parágrafo único, Art. 59-A da CLT","Outros") -> Outros | H39: =I39/$I$40 -> 0 | I39: 0
A40: Total de Remuneração | H40: =SUM(H31:H39) -> 1 | I40: =SUM(I31:I39) -> 2174.052
A42: II | B42: Encargos Sociais - Grupo II: Obrigações Sociais | H42: % | I42: Valor Mensal/unidade de serviço (R$)
A43: 1 | B43: INSS (art. 22, inc. I, Lei nº 8.212/91) | H43: 0.2 | I43: =$I$40*H43 -> 434.8104
A44: 2 | B44: SESI ou SESC (art. 30, Lei nº 8.036/90) | H44: 0.015 | I44: =$I$40*H44 -> 32.61078
A45: 3 | B45: SENAI ou SENAC (Decreto-Lei nº 2.318/86) | H45: 0.01 | I45: =$I$40*H45 -> 21.74052
A46: 4 | B46: INCRA (art. 15I, Lei Complementar nº 011/71) | H46: 0.002 | I46: =$I$40*H46 -> 4.348104
A47: 5 | B47: SALÁRIO EDUCAÇÃO (art. , inc. I, Decreto nº 87.043/82) | H47: 0.025 | I47: =$I$40*H47 -> 54.3513
A48: 6 | B48: FGTS (art. 15, Lei nº 8.036/90) | H48: 0.08 | I48: =$I$40*H48 -> 173.92416
A49: 7 | B49: SEG. ACIDENTE DO TRABALHO 1%, 2% e 3% (art. 22, inc. II, alíneas "b" e "c", da Lei nº 8.212/91) | H49: 0.03 | I49: =$I$40*H49 -> 65.22156
A50: 8 | B50: SEBRAE (§ 3º, art. 8º, Lei nº 8.029/90) | H50: 0.006 | I50: =$I$40*H50 -> 13.044312
A51: Total do Grupo II | H51: =SUM(H43:H50) -> 0.368 | I51: =SUM(I43:I50) -> 800.05114
A52: Os percentuais para o SAT podem variar de 0,50% a 6,00% em função do Fator de Acidente Previdenciário (FAP), Decreto nº 6.957/2009
A53: Deverá obrigatoriamente acompanhar a proposta de preços e a planilha de custos e formação de preços a prova do Fator Acidentário de Prevenção – FAP por meio de impressão de consulta ao site do Ministério da Previdência Social (que pode ser obtido no endereço eletrônico http://www2.dataprev.gov.br/fap/fap.htm), independentemente de alteração da alíquota da parcela do Seguro Acidente de Trabalho disposta no Quadro II da referida planilha.
A54: III | B54: Encargos Sociais - Grupo III: Tempo Não Trabalhado | H54: % | I54: Valor Mensal/unidade de serviço (R$)
A55: 1 | B55: FÉRIAS GOZADAS + ADICIONAL DE FÉRIAS | H55: 0.119314 | I55: =$I$40*H55 -> 259.39484
A56: 2 | B56: FALTAS ABONADAS (3) | H56: 0.020479 | I56: =$I$40*H56 -> 44.522411
A57: 3 | B57: FALTAS LEGAIS (4) | H57: 0.012123 | I57: =$I$40*H57 -> 26.356032
A58: 4 | B58: LICENÇA MATERNIDADE | H58: 0.011436 | I58: =$I$40*H58 -> 24.862459
A59: 5 | B59: LICENÇA PATERNIDADE | H59: 0.000174 | I59: =$I$40*H59 -> 0.37828505
A60: 6 | B60: ACIDENTE DE TRABALHO | H60: 0.000442 | I60: =$I$40*H60 -> 0.96093098
A61: 7 | B61: AVISO PRÉVIO TRABALHADO | H61: 0.000185 | I61: =$I$40*H61 -> 0.40219962
A62: 8 | B62: 13º SALÁRIO | H62: 0.09079 | I62: =$I$40*H62 -> 197.38218
A63: Total do Grupo III | H63: =SUM(H55:H62) -> 0.254943 | I63: =SUM(I55:I62) -> 554.25934
A64: (3) | B64: Faltas Justificadas por Auxílio Doença
A65: (4) | B65: Faltas Legais - Art. 473 CLT
A66: IV | B66: Encargos Sociais - Grupo IV: Indenizações | H66: % | I66: Valor Mensal/unidade de serviço (R$)
A67: 1 | B67: INDENIZAÇÕES | H67: 0.023627 | I67: =$I$40*H67 -> 51.366327
A68: 2 | B68: FGTS SOBRE INDENIZAÇÕES | H68: 0.001717 | I68: =$I$40*H68 -> 3.7328473
A69: 3 | B69: INDENIZAÇÃO COMPENSATÓRIA POR DEMISSÃO SEM JUSTA CAUSA | H69: 0.009451 | I69: =$I$40*H69 -> 20.546965
A70: Total do Grupo IV | H70: =SUM(H67:H69) -> 0.034795 | I70: =SUM(I67:I69) -> 75.646139
A72: V | B72: Encargos Sociais - Grupo V: Incidências | H72: % | I72: Valor Mensal/unidade de serviço (R$)
A73: 1 | B73: INCIDÊNCIA GRUPO II (Obrigações Sociais) X GRUPO III (Tempo Não Trabalhado) | H73: =(H51*H63) -> 0.093819024 | I73: =$I$40*H73 -> 203.96744
A74: Total do Grupo V | H74: =SUM(H73:H73) -> 0.093819024 | I74: =I73 -> 203.96744
A76: TOTAL DOS ENCAGOS SOCIAIS (II + III + IV + V) | H76: =H51+H63+H70+H74 -> 0.75155702 | I76: =I51+I63+I70+I74 -> 1633.9241
A78: VI | B78: Demais custos relativos à Norma Coletiva ou Disposições Legais - Grupo VI | H78: % | I78: Valor Mensal/unidade de serviço (R$)
A79: 1 | B79: Auxílio Alimentação | H79: =I79/$I$40 -> 0.12106426 | I79: =I96 -> 263.2
A80: 2 | B80: Auxílio Lanche | H80: =I80/$I$40 -> 0 | I80: =I92 -> 0
A81: 3 | B81: Vale-Transporte⁽⁵⁾ | H81: =I81/$I$40 -> 0.07603314 | I81: =I88 -> 165.3
A82: 4 | B82: Adicional Intervalar | H82: =I82/$I$40 -> 0 | I82: =IF(I26="Não aplicável",0,((I10/H10)*1.5*I26)) -> 0
A83: 5 | B83: Outros | H83: =I83/$I$40 -> 0 | I83: =IF(I21="Não aplicável",0,I21) -> 0
A84: Total do Grupo VI | H84: =SUM(H79:H83) -> 0.1970974 | I84: =SUM(I79:I83) -> 428.5
A85: (5) | B85: O valor do vale-transporte pode variar de acordo com o modal fornecido pelo empregador.
A86: MEMÓRIA DE CÁLCULO DO VALE TRANSPORTE
A87: Valor Unitário | C87: Dias de Trabalho | D87: Vale p/dia | E87: Custo total | F87: Base de cálculo | G87: Percentual de desconto | H87: Valor desconto | I87: Custo efetivo
A88: =I12 -> 4.8 | C88: =I13 -> 22 | D88: 2 | E88: =A88*C88*D88 -> 211.2 | F88: =I31 -> 1530 | G88: =I14 -> 0.03 | H88: =F88*G88 -> 45.9 | I88: =IF((E88-H88)>0,E88-H88,0) -> 165.3
A90: MEMÓRIA DE CÁLCULO DO VALE LANCHE
A91: Valor Unitário | C91: Dias por mês | D91: Vale p/dia | E91: Custo total | F91: Base de cálculo | G91: Percentual de desconto | H91: Valor desconto | I91: Custo efetivo
A92: =I18 -> 0 | C92: =I19 -> 0 | D92: 1 | E92: =A92*C92*D92 -> 0 | F92: =E92 -> 0 | G92: =I20 -> 0 | H92: =F92*G92 -> 0 | I92: =E92-H92 -> 0
A94: MEMÓRIA DE CÁLCULO DO VALE ALIMENTAÇÃO
A95: Valor Unitário | C95: Dias por mês | D95: Vale p/dia | E95: Custo total | F95: Base de cálculo | G95: Percentual de desconto | H95: =H87 -> Valor desconto | I95: Custo efetivo
A96: =I15 -> 329 | C96: =I16 -> 1 | D96: 1 | E96: =A96*C96*D96 -> 329 | F96: =E96 -> 329 | G96: =I17 -> 0.2 | H96: =F96*G96 -> 65.8 | I96: =E96-H96 -> 263.2
A98: TOTAL DO MONTANTE A (I + II + III+ IV + V +VI) | H98: =H40+H76+H84 -> 1.9486544 | I98: =I40+I76+I84 -> 4236.4761
A100: MONTANTE B
A101: I | B101: Despesas Diretas | H101: % | I101: Valor Mensal/unidade de serviço (R$)
A102: 1 | B102: Transporte (6) | H102: =I102/$I$113 -> 0 | I102: 0
A103: 2 | B103: Uniformes/EPI (6a) | H103: =I103/$I$113 -> 0 | I103: =IF(F111=10%,G111,0) -> 0
A104: 3 | B104: Seguro de vida | H104: =I104/$I$113 -> 0 | I104: 0
A105: 4 | B105: Materiais/Equipamentos | H105: =I105/$I$113 -> 0 | I105: 0
A106: 5 | B106: Mobilização (7) | H106: =I106/$I$113 -> 0 | I106: 0
A107: 6 | B107: Outros (especificar) | H107: =I107/$I$113 -> 0 | I107: 0
A108: Total de Despesas Diretas | H108: =H102+H103+H104+H105+H106+H107 -> 0 | I108: =SUM(I102:I107) -> 0
B109: (6) Somente será preenchido quando o licitante fornecer transporte próprio (6a) EPI - Equipamento de Proteção Individual (7) Tais custos de mobilização não são renováveis, devendo ser eliminados após o primeiro ano de contrato caso haja prorrogação
A111: LIMITE QUADRO I (Despesas Diretas) sobre Montante A (exceto Vale-transporte), conforme alíneas "b.2" e "b.3", Inc. II, art. 7º, do Decreto 52.768/2015, alterado pelo Decreto 53.424/2017: 10% SEM MATERIAIS/EQUIPAMENTOS; 20% COM MATERIAIS/EQUIPAMENTOS | F111: =I27 -> 0.2 | G111: =I113*F111 -> 814.23521 | H111: Dedução Vale Transporte | I111: =I81 -> 165.3
...

Sheet Resumo
A1: Quadro Resumo Mensal
A2: Função | B2: Cidade | C2: Carga Horária | D2: Dias da semana | E2: Valor Unitário | F2: Nº de Postos | G2: Valor Total
A3: Servente | B3: Porto Alegre | C3: 40h semanais | D3: segunda à sexta | E3: ='Servente - 40h POA'!I173 -> 4940.4969 | F3: 2 | G3: =F3*E3 -> 9880.9937
A4: Eletriscista | B4: Porto Alegre | C4: 40h semanais | D4: segunda à sexta | E4: ='Eletricista - 40h POA'!I173 -> 5579.954 | F4: 2 | G4: =F4*E4 -> 11159.908
A5: Intalador Hidráulico | B5: Porto Alegre | C5: 40h semanais | D5: segunda à sexta | E5: ='Hidráulico - 40h POA'!I173 -> 5579.954 | F5: 1 | G5: =F5*E5 -> 5579.954
A6: Marceneiro | B6: Porto Alegre | C6: 40h semanais | D6: segunda à sexta | E6: ='Marceneiro - 40h POA'!I173 -> 5775.6779 | F6: 1 | G6: =F6*E6 -> 5775.6779
A7: Pedreiro | B7: Porto Alegre | C7: 40h semanais | D7: segunda à sexta | E7: ='Pedreiro - 40h POA'!I173 -> 5775.6779 | F7: 1 | G7: =F7*E7 -> 5775.6779
A8: Pintor | B8: Porto Alegre | C8: 40h semanais | D8: segunda à sexta | E8: ='Pintor 40h -POA'!I173 -> 5775.6779 | F8: 1 | G8: =F8*E8 -> 5775.6779
A9: Serralheiro | B9: Porto Alegre | C9: 40h semanais | D9: segunda à sexta | E9: ='Serralheiro - 40h POA'!I173 -> 5775.6779 | F9: 1 | G9: =F9*E9 -> 5775.6779
A10: Supervisor (Oficial) | B10: Porto Alegre | C10: 40h semanais | D10: segunda à sexta | E10: ='Supervisor - 40h POA'!I173 -> 7246.4138 | F10: 1 | G10: =F10*E10 -> 7246.4138
A11: TOTAL | F11: =SUM(F3:F10) -> 10 | G11: =SUM(G3:G10) -> 56969.981
